 Dungeon Crawl Stone Soup version 0.29.1-15-g9cfb28693d (webtiles) character file.

Game seed: 4404813433762913191

1225780 CrazyMind the Politician (level 27, -23/249 HPs)
             Began as a Gnoll Conjurer on Feb 25, 2023.
             Was an Initiate of Gozag.
             Annihilated by Peloso's ghost (37 damage)
             ... on level 25 of a ziggurat on Mar 26, 2023.
             The game lasted 1 day 00:28:47 (224329 turns).

CrazyMind the Politician (Gnoll Conjurer)     Turns: 224329, Time: 1 , 00:28:49

Health: -23/249    AC: 24    Str: 11    XL:     27
Magic:  54/54      EV: 22    Int: 33    God:    Gozag
Gold:   17149      SH: 23    Dex: 13    Spells: 1/80 levels left

rFire   + + +      SeeInvis +   I - +5 long sword of Duty {spect, rPois rF++ rC+}
rCold   + + +      Faith    .   p - +5 kite shield {reflect}
rNeg    + + .      Spirit   .   y - +1 ring mail of Afegowaq {rElec Int+3}
rPois   +          Reflect  +   o - +2 helmet
rElec   +          Harm     .   J - scarf {rC+ rF+}
rCorr   +          Rampage  .   R - +2 pair of gloves of the Game Afoot {rPois rN+}
Will    ++++.                   P - +2 pair of boots {Fly}
Stlth   +++++++++.              S - amulet "Anov" {RegenMP Will+ Str+3}
HPRegen 0.51/turn               w - ring of Foolhardiness {Wiz rN+ Str+5}
MPRegen 0.74/turn               r - ring of Uniguin {Will+ rCorr Str-5 Int+2 SInv}

@: mighty, brilliant, resistant, gold aura, flying, hasted, studying 5 skills,
silenced, very quick
A: fangs 1, strong nose, distributed training
}: 11/15 runes: serpentine, barnacled, slimy, silver, icy, abyssal, demonic,
glowing, magical, fiery, dark
a: Renounce Religion


You were on level 25 of a ziggurat.
You worshipped Gozag.
Gozag was extremely pleased with you.
You visited 14 branches of the dungeon, and saw 64 of its levels.
You visited Pandemonium 10 times, and saw 21 of its levels.
You visited the Abyss 6 times.
You visited 1 ziggurat, and saw 25 of its levels.
You also visited: Bailey, Gauntlet, Ice Cave and Wizlab.

You collected 62392 gold pieces.
You spent 3162 gold pieces at shops.
You paid 42081 gold pieces to Gozag.

Inventory:

Hand Weapons
 l - the +9 staff of Wucad Mu {*channel}
   (You found it on level 4 of a ziggurat)

   It occasionally powers its wielder's spells, but with a chance of causing
   confusion or draining the wielder's intelligence.
   It becomes more likely to activate and less likely to backfire with increased
   Evocations skill.
 I - the +5 long sword of Duty (weapon) {spect, rPois rF++ rC+}
   (You found it on level 2 of the Depths)

   When its wielder attacks, the weapon's spirit leaps out and strikes again.
   The spirit shares a part of any damage it takes with its wielder.
   rF:        It greatly protects you from fire.
   rC:        It protects you from cold.
   rPois:     It protects you from poison.
 K - the +4 hand crossbow "Doygi" {flame, rF++}
   (You took it off a red devil in Pandemonium)

   Any ammunition fired from it burns those it strikes, dealing additional fire
   damage.
   rF:        It greatly protects you from fire.
Missiles
 h - 20 silver boomerangs
 m - 21 boomerangs of dispersal
 x - 15 throwing nets
 z - 40 poisoned darts
 A - 24 atropa-tipped darts
 E - 25 boomerangs
 H - 32 javelins
 Q - 16 curare-tipped darts
 Y - 16 silver javelins (quivered)
Armour
 o - a +2 helmet (worn)
 p - a +5 kite shield of reflection (worn)
 y - the +1 ring mail of Afegowaq (worn) {rElec Int+3}
   (You took it off a guardian mummy on level 3 of the Realm of Zot)

   Int:       It affects your intelligence (+3).
   rElec:     It insulates you from electricity.
 J - a scarf of resistance (worn)
 P - a +2 pair of boots of flying (worn)
 R - the +2 pair of gloves of the Game Afoot (worn) {rPois rN+}
   (You found it on level 3 of the Elven Halls)

   rPois:     It protects you from poison.
   rN:        It protects you from negative energy.
 V - the +8 orange crystal plate armour {Archmagi, Int+3 Clar}
   (You found it on level 24 of a ziggurat)

   Int:       It affects your intelligence (+3).
   Clar:      It protects you against confusion.
Jewellery
 b - the amulet "Utratwomn" {Reflect Str+2 Int+6 SH+5 SInv}
   (You found it on level 13 of a ziggurat)

   [amulet of reflection]

   It reflects blocked missile attacks.
   Str:       It affects your strength (+2).
   Int:       It affects your intelligence (+6).
   SInv:      It lets you see invisible.
   SH:        It affects your SH (+5).
 d - the ring of Juqiom {Fire rElec Will+ SInv}
   (You found it on level 19 of a ziggurat)

   [ring of fire]

   It enhances your fire magic.
   rF:        It protects you from fire.
   rC:        It makes you vulnerable to cold.
   rElec:     It insulates you from electricity.
   SInv:      It lets you see invisible.
   Will:      It increases your willpower.
 r - the ring of Uniguin (right hand) {Will+ rCorr Str-5 Int+2 SInv}
   (You took it off a deep elf sorcerer on level 3 of the Elven Halls)

   [ring of see invisible]

   Str:       It affects your strength (-5).
   Int:       It affects your intelligence (+2).
   SInv:      It lets you see invisible.
   rCorr:     It protects you from acid and corrosion.
   Will:      It increases your willpower.
 w - the ring of Foolhardiness (left hand) {Wiz rN+ Str+5}
   (You bought it in a shop on level 3 of the Shoals)

   [ring of wizardry]

   It improves your spell success rate.
   Str:       It affects your strength (+5).
   rN:        It protects you from negative energy.
 S - the amulet "Anov" (around neck) {RegenMP Will+ Str+3}
   (You took it off a yaktaur on level 5 of the Vaults)

   [amulet of magic regeneration]

   It increases your rate of magic regeneration.
   Str:       It affects your strength (+3).
   Will:      It increases your willpower.
 W - the ring "Piala" {Fire rPois rCorr Int+8 Stlth-}
   (You found it on level 6 of a ziggurat)

   [ring of fire]

   It enhances your fire magic.
   Int:       It affects your intelligence (+8).
   rF:        It protects you from fire.
   rC:        It makes you vulnerable to cold.
   rPois:     It protects you from poison.
   rCorr:     It protects you from acid and corrosion.
   Stlth:     It makes you less stealthy.
 X - the ring "Jaguruik" {rElec rC++ Int+2 SInv}
   (You found it on level 24 of a ziggurat)

   [ring of see invisible]

   Int:       It affects your intelligence (+2).
   rC:        It greatly protects you from cold.
   rElec:     It insulates you from electricity.
   SInv:      It lets you see invisible.
Wands
 a - a wand of acid (52)
 c - a wand of iceblast (52)
 M - a wand of digging (28)
Scrolls
 n - 42 scrolls of teleportation
 s - 8 scrolls of silence
 D - 18 scrolls of fog
 F - 11 scrolls of blinking
 G - a scroll of amnesia
 O - 11 scrolls of magic mapping
 Z - a scroll of summoning
Potions
 e - 5 potions of brilliance
 f - 18 potions of curing
 g - 7 potions of magic
 i - 33 potions of mutation
 k - 10 potions of cancellation
 q - 7 potions of invisibility
 u - 12 potions of heal wounds
 v - a potion of lignification
 B - 9 potions of haste
 C - 15 potions of might
 T - 5 potions of berserk rage
Miscellaneous
 j - a phantom mirror (inert)
 t - a condenser vane (inert)
 L - a phial of floods (inert)
 N - a tin of tremorstones (2/2)
 U - the horn of Geryon


   Skills:
 O Level 27 Fighting
 O Level 27 Short Blades
 O Level 27 Long Blades
 O Level 27 Axes
 O Level 27 Maces & Flails
 O Level 27 Polearms
 O Level 27 Staves
 O Level 27 Ranged Weapons
 O Level 27 Throwing
 O Level 27 Armour
 O Level 27 Dodging
 O Level 27 Stealth
 O Level 27 Shields
 O Level 27 Unarmed Combat
 O Level 27 Spellcasting
 + Level 25.5 Conjurations
 + Level 24.8 Hexes
 + Level 24.8 Summonings
 + Level 24.8 Necromancy
 + Level 25.8 Translocations
 + Level 24.8 Transmutations
 + Level 24.8 Fire Magic
 + Level 24.8 Ice Magic
 + Level 24.8 Air Magic
 + Level 24.8 Earth Magic
 + Level 24.8 Poison Magic
 O Level 27 Invocations
 O Level 27 Evocations


You had one spell level left.
You knew the following spells:

 Your Spells              Type           Power      Damage    Failure   Level
a - Dispel Undead         Necr           100%       3d31      0%          4
b - Shatter               Erth           71%        3d52*     1%          9
c - Lehudib's Crystal Sp  Conj/Erth      71%        10d16     1%          8
d - Iskenderun's Mystic   Conj/Tloc      100%       2d19      0%          4
e - Ignition              Fire           71%        3d19      1%          8
f - Fulminant Prism       Conj/Hex       71%        3d30      0%          4
g - Yara's Violent Unrav  Hex/Tmut       71%        3d26      0%          5
h - Fireball              Conj/Fire      71%        3d27      0%          5
i - Blink                 Tloc           100%       N/A       0%          2
j - Apportation           Tloc           100%       N/A       0%          1
k - Haunt                 Necr/Summ      71%        N/A       0%          7
l - Malign Gateway        Summ/Tloc      71%        N/A       0%          7
m - Necromutation         Tmut/Necr      71%        N/A       1%          8
n - Spellforged Servitor  Conj/Summ      71%        N/A       0%          7

Your spell library contained the following spells:

 Spells                   Type           Power      Damage    Failure   Level
 Beastly Appendage        Tmut           100%       N/A       0%          1
 Foxfire                  Conj/Fire      100%       2x1d9     0%          1
 Freeze                   Ice            100%       1d11      0%          1
 Magic Dart               Conj           100%       1d8       0%          1
 Necrotise                Necr           100%       1d9       0%          1
 Sandblast                Erth           100%       2d20      0%          1
 Shock                    Conj/Air       100%       1d9       0%          1
 Slow                     Hex            100%       N/A       0%          1
 Call Imp                 Summ           100%       N/A       0%          2
 Ensorcelled Hibernation  Hex/Ice        100%       N/A       0%          2
 Passwall                 Tmut/Erth      100%       N/A       0%          2
 Poisonous Vapours        Pois/Air       100%       N/A       0%          2
 Searing Ray              Conj           100%       2d8       0%          2
 Static Discharge         Conj/Air       100%       3-16/arc  0%          2
 Sublimation of Blood     Necr           100%       N/A       0%          2
 Wereblood                Tmut           100%       N/A       0%          2
 Call Canine Familiar     Summ           100%       N/A       0%          3
 Confusing Touch          Hex            100%       N/A       0%          3
 Conjure Flame            Conj/Fire      100%       6-21      0%          3
 Dazzling Flash           Conj/Hex       100%       N/A       0%          3
 Frozen Ramparts          Ice            100%       1d16      0%          3
 Gell's Gravitas          Tloc           100%       N/A       0%          3
 Ignite Poison            Fire/Tmut/Pois 100%       N/A       0%          3
 Inner Flame              Hex/Fire       100%       N/A       0%          3
 Mephitic Cloud           Conj/Pois/Air  100%       N/A       0%          3
 Ozocubu's Armour         Ice            100%       N/A       0%          3
 Portal Projectile        Hex/Tloc       100%       N/A       0%          3
 Spider Form              Tmut/Pois      100%       N/A       0%          3
 Stone Arrow              Conj/Erth      100%       3d13      0%          3
 Summon Guardian Golem    Hex/Summ       100%       N/A       0%          3
 Swiftness                Air            100%       N/A       0%          3
 Tukima's Dance           Hex            100%       N/A       0%          3
 Vampiric Draining        Necr           100%       2d13      0%          3
 Airstrike                Air            71%        2d(11-27) 0%          4
 Anguish                  Hex/Necr       71%        N/A       0%          4
 Animate Armour           Summ/Erth      100%       N/A       0%          4
 Cause Fear               Hex            71%        N/A       0%          4
 Flame Wave               Conj/Fire      100%       2d21      0%          4
 Hailstorm                Conj/Ice       100%       3d20      0%          4
 Ice Form                 Ice/Tmut       100%       N/A       0%          4
 Leda's Liquefaction      Hex/Erth       71%        N/A       0%          4
 Olgreb's Toxic Radiance  Pois           100%       N/A       0%          4
 Passage of Golubria      Tloc           100%       N/A       0%          4
 Petrify                  Tmut/Erth      100%       N/A       0%          4
 Sticky Flame             Conj/Fire      100%       2d11      0%          4
 Summon Ice Beast         Ice/Summ       100%       N/A       0%          4
 Summon Lightning Spire   Summ/Air       100%       N/A       0%          4
 Agony                    Necr           100%       N/A       0%          5
 Alistair's Intoxication  Tmut/Pois      94%        N/A       0%          5
 Blade Hands              Tmut           71%        N/A       0%          5
 Borgnjor's Vile Clutch   Necr/Erth      71%        N/A       0%          5
 Freezing Cloud           Conj/Ice/Air   71%        6-21      0%          5
 Irradiate                Conj/Tmut      71%        3d35      0%          5
 Iskenderun's Battlesphe  Conj           100%       2d15      0%          5
 Lee's Rapid Deconstruct  Erth           71%        3d33*     0%          5
 Lightning Bolt           Conj/Air       71%        1d96      0%          5
 Manifold Assault         Tloc           100%       N/A       0%          5
 Metabolic Englaciation   Hex/Ice        71%        N/A       0%          5
 Silence                  Hex/Air        71%        N/A       0%          5
 Summon Forest            Summ/Tloc      71%        N/A       0%          5
 Summon Mana Viper        Hex/Summ       100%       N/A       0%          5
 Conjure Ball Lightning   Conj/Air       71%        3x3d26    0%          6
 Death Channel            Necr           71%        N/A       0%          6
 Dispersal                Tloc           72%        N/A       0%          6
 Iron Shot                Conj/Erth      71%        9d13      0%          6
 Starburst                Conj/Fire      71%        6d18      0%          6
 Statue Form              Tmut/Erth      94%        N/A       0%          6
 Summon Cactus Giant      Summ           71%        N/A       0%          6
 Dragon Form              Tmut           71%        N/A       0%          7
 Enfeeble                 Hex            71%        N/A       0%          7
 Orb of Destruction       Conj           72%        9d17      0%          7
 Ozocubu's Refrigeration  Ice            71%        4d23      0%          7
 Storm Form               Tmut/Air       71%        N/A       0%          7
 Summon Hydra             Summ           71%        N/A       0%          7
 Borgnjor's Revivificati  Necr           71%        N/A       1%          8
 Discord                  Hex            71%        N/A       1%          8
 Disjunction              Tloc           72%        N/A       1%          8
 Infestation              Necr           71%        N/A       1%          8
 Maxwell's Capacitive Co  Air            71%        ∞         1%          8
 Summon Horrible Things   Summ           71%        N/A       1%          8
 Chain Lightning          Conj/Air       71%        3d95      1%          9
 Death's Door             Necr           71%        N/A       1%          9
 Fire Storm               Conj/Fire      71%        8d18      1%          9
 Corpse Rot               Necr/Pois/Air  Unusable   N/A       N/A         4
 Simulacrum               Ice/Necr       Unusable   N/A       N/A         6

Dungeon Overview and Level Annotations

Branches:
Dungeon (15/15)            Temple (1/1) D:6            Lair (5/5) D:8
 Shoals (4/4) Lair:2        Snake (4/4) Lair:2        Slime (5/5) Lair:4
    Orc (2/2) D:10            Elf (3/3) Orc:2        Vaults (5/5) D:14
  Crypt (3/3) Vaults:3       Tomb (0/3) Crypt:3      Depths (4/4) D:15 Zot: 641
   Hell (visited)             Dis (0/7) Hell            Geh (0/7) Hell
    Coc (7/7) Hell            Tar (0/7) Hell            Zot (5/5) Depths:4
 Bailey (visited)           IceCv (visited)          WizLab (visited)
Gauntlet (visited)

Altars:
Ashenzari
Cheibriados
Dithmenos
Elyvilon
Fedhas
Gozag
Hepliaklqana
Kikubaaqudgha
Makhleb
Nemelex Xobeh
Okawaru
Qazlal
Ru
Sif Muna
Trog
Uskayaw
Vehumet
Wu Jian
Xom
Yredelemnul
Zin
The Shining One
Jiyva

Shops:
D:12 [   D:14 *   Orc:2 *(=(   Elf:3 *   Lair:1 *=   Shoals:2 (   Shoals:3 =
Vaults:2 *   Vaults:3 *   Vaults:5 ?   Depths:1 [:*   Depths:3 *[

Portals:
Hell: Depths:1 Depths:2 Depths:3 Depths:4
Abyss: D:7 Depths:1 Depths:2 Depths:3
Pandemonium: Depths:2

Annotations:
Depths:2 exclusion: downstairs
Zig:25 BerryKnight's ghost, legendary DgFi; Kufiz's ghost, master GrCK; Likado's ghost, legendary GnSk; Nenig's ghost, legendary GnFi; NiggerDarts5's ghost, legendary HuFi; Peloso's ghost, legendary MiFi; Pikuto's ghost, adept MiBe; Qupubruts's ghost, master HOFi; Xuqyot's ghost, legendary DsFi; meatyocre's ghost, veteran TrFi


Innate Abilities, Weirdness & Mutations

You have very sharp teeth.
Your uncanny sense of smell can sniff out nearby items.
Your experience applies equally to all skills.


Message History

Kufiz's ghost stares at you while slowly dragging a finger across its throat.
Kufiz's ghost completely misses you. You block Peloso's ghost's attack.
Likado's ghost hits you but does no damage.
Your revenant hits the revenant.
NiggerDarts5's ghost hits you but does no damage.
Unknown command.
Unknown command.
Unknown command.
You hit Likado's ghost but do no damage.
You bite Likado's ghost, but do no damage.
Likado's ghost is heavily damaged.
The deathcap disappears in a puff of smoke!
You miss Likado's ghost.
Likado's ghost is heavily damaged.
You miss Likado's ghost.
Likado's ghost is heavily damaged.
You block NiggerDarts5's ghost's attack.
Xuqyot's ghost is distracted by your dazzling golden aura.
You block Kufiz's ghost's attack. Likado's ghost misses you.
Your revenant hits the revenant! Peloso's ghost hits you!
* * * LOW HITPOINT WARNING * * *
You feel much better.
Press: ? - help, v - describe, . - travel
Here: Likado's ghost (silenced, heavily damaged, radiating silence)
The floor.
Unknown command.
Unknown command.
You hit Likado's ghost but do no damage.
Your bite misses Likado's ghost.
Likado's ghost is heavily damaged.
Xuqyot's ghost is no longer distracted by gold.
NiggerDarts5's ghost hits you.
* * * LOW HITPOINT WARNING * * *
Kufiz's ghost hits you but does no damage.
Xuqyot's ghost closely misses you. Likado's ghost hits you!!
* * * LOW HITPOINT WARNING * * *
Your revenant closely misses the revenant.
Peloso's ghost hits you!!!
You die...
Your body crumbles into a pile of gold.

▓▓...(°........$.$.
▓▓.$..(......$....$.
▓▓.....(.........$$..
▓▓..$..............$$.
▓.∩...f...........z..
▓▓..9Wz....$.$...WW.$
▓▓.WWWf$........$.$°
▓▓WWWWz...W....W.$$
▓▓@Wz............$
▓▓Wf.............
▓▓f.............
▓▓.............
▓▓...........
▓▓.......... ▓▓▓


You could see a curse toe (unsilenced), a revenant (ally target), 3 deathcaps, a
wandering mushroom (summoned), BerryKnight's ghost, Kufiz's ghost, Likado's
ghost (silencing), Nenig's ghost, 2 ghosts called NiggerDarts5, Peloso's ghost,
Pikuto's ghost, Qupubruts's ghost (ally target), Xuqyot's ghost, meatyocre's
ghost, a friendly revenant (summoned, drained) and a friendly spellforged
servitor (summoned).

Vanquished Creatures
  Cerebov (Pan)
  the Royal Jelly (Slime:5)
  Dissolution (Slime:5)
  Gloorx Vloq (Pan)
  Lom Lobon (Pan)
  Mnoleg (Pan)
  The ghost of Marixus the Axe Maniac, a legendary DDFi of Cheibriados (Zig:25)
  5 dread liches
  10 ancient liches
  An orb of fire (Zot:5)
  Mara (Vaults:2)
  The ghost of Sofait the Black Belt, a legendary GnFE of Okawaru (Zot:3)
  6 juggernauts
  A royal mummy (Zig:4)
  Sojobo (Vaults:2)
  The ghost of Walil the Intangible, a veteran MiMo of Dithmenos (Zig:25)
  Vv (Zot:3)
  The ghost of Viugiw the Slayer, a legendary TeBe of the Shining One (Zig:25)
  Boris (thrice) (Vaults:4 Depths:1)
  7 shard shrikes
  17 Killer Klowns
  The ghost of Alunk the Bludgeoner, a legendary GnFi of Cheibriados (Zot:3)
  Saint Roka (Snake:3)
  2 caustic shrikes (Depths:3)
  Geryon (Hell)
  A curse toe (Zig:25)
  Vashnia (Snake:2)
  6 golden dragons
  Jory (Vaults:4)
  3 pearl dragons (Zig:17)
  13 bone dragons
  10 pandemonium lords
  25 Tzitzimimeh
  3 electric golems
  An iron giant (Zig:9)
  2 doom hounds (Depths:1)
  3 hellephants
  4 Brimstone Fiends
  16 tentacled monstrosities
  16 Ice Fiends
  Rupert (Lair:2)
  7 liches
  11 Orb Guardians (Zot:5)
  Mlioglotl (Shoals:1)
  16 Hell Sentinels
  9 deep elf blademasters
  A quicksilver dragon (shapeshifter) (Zig:13)
  4 quicksilver dragons
  19 titans
  28 acid blobs
  A walking frostbound tome (Depths:3)
  Frances (Shoals:1)
  11 sphinxes
  17 deep elf master archers
  18 ancient champions
  An eldritch tentacle (Hell)
  The ghost of dvd2 the Unseen, an adept GnDe of Hepliaklqana (Snake:4)
  6 death cobs
  A sphinx (shapeshifter) (Zig:13)
  Polyphemus (Shoals:1)
  36 Executioners (Pan)
  4 tentacled starspawn
  The ghost of LaularuKyrumo the Fencer, an adept NaBe of Trog (Shoals:1)
  12 demonspawn warmongers (Pan)
  5 draconian monks
  14 shadow dragons
  Donald (Orc:1)
  Roxanne (Shoals:4)
  3 thorn hunters
  24 azure jellies
  5 nagarajas (Snake:4)
  12 tengu reavers
  16 storm dragons
  21 revenants
  Ilsuiw (Shoals:2)
  6 draconian knights (Zig:21)
  5 fenstrider witches
  10 fire giants
  13 rockslimes
  A ghost moth (shapeshifter) (Zig:13)
  6 deep elf sorcerers
  An azure jelly (shapeshifter) (Depths:2)
  Louise (Shoals:4)
  19 narguns
  3 daevas (Zig:17)
  11 frost giants
  19 balrugs (Pan)
  16 vault wardens
  A juggernaut zombie (Depths:3)
  3 iron dragons
  Aizul (Snake:3)
  5 deep elf elementalists (Elf:3)
  6 orc warlords
  10 ghost moths
  11 draconian stormcallers
  4 emperor scorpions (Zig:18)
  57 reapers
  A caustic shrike zombie (Depths:3)
  4 draconian shifters
  57 cacodemons (Pan)
  5 shard shrike simulacra
  4 spectral caustic shrikes (Depths:3)
  6 draconian scorchers
  5 ghouls
  10 curse skulls
  20 ironbound preservers
  6 angels
  2 spriggan defenders (Depths:4)
  14 demonspawn corrupters (Pan)
  7 demonspawn blood saints (Pan)
  2 caustic shrike skeletons
  3 war gargoyles
  14 stone giants
  14 quicksilver oozes
  6 draconian annihilators
  8 ophanim (Zig:17)
  6 ironbound thunderhulks
  A broodmother (Zig:18)
  29 very ugly things
  19 deep elf demonologists
  8 apis (Zig:17)
  5 putrid mouths (Depths:1)
  The ghost of duchin the Frost Mage, a journeyman MfIE of Sif Muna (Lair:4)
  10 black draconians
  7 green draconians
  Nessos (Lair:5)
  3 eleionomae
  11 wendigos
  13 demonspawn black suns
  18 deep elf annihilators
  23 lorocyprocas (Pan)
  A dire elephant (shapeshifter) (Zig:10)
  22 vampire knights
  13 purple draconians
  16 elemental wellsprings
  12 white draconians
  A spark wasp (shapeshifter) (Zig:19)
  44 blizzard demons (Pan)
  3 entropy weavers (Zig:18)
  5 dire elephants
  24 eidola
  3 red draconians
  10 yellow draconians
  5 spark wasps
  16 deep elf death magi
  39 green deaths
  A mummy priest (Zig:4)
  19 ettins
  A spectral spriggan (Crypt:3)
  5 jiangshi
  16 merfolk javelineers
  11 fire dragons
  15 merfolk impalers
  2 kraken zombies (Hell)
  24 deep elf high priests
  19 yaktaur captains
  5 shambling mangroves
  18 great orbs of eyes
  A spriggan zombie (Crypt:1)
  22 vault guards
  5 merfolk avatars
  6 boulder beetles
  12 ice dragons
  A peacekeeper (Vaults:3)
  A salamander tyrant (Zig:8)
  A fenstrider witch zombie (Crypt:3)
  7 rakshasas (Pan)
  7 ironbound frosthearts
  13 spriggan air magi
  16 centaur warriors
  4 ghost crabs
  An anaconda (shapeshifter) (Vaults:4)
  3 hell beasts
  5 spriggan skeletons
  12 hydras
  10 juggernaut simulacra
  An alligator snapping turtle (shapeshifter) (Zig:13)
  3 ogre magi
  2 alligators (Zig:16)
  3 radroaches (Zig:18)
  9 merfolk aquamancers
  6 caustic shrike simulacra
  21 death yaks
  2 alligator snapping turtles
  6 catoblepae
  9 satyrs
  13 anacondas
  2 fenstrider witch skeletons
  4 two-headed ogres
  17 naga warriors
  7 hell hogs
  A death scarab (Zig:4)
  8 tengu warriors
  2 death knights
  8 deep troll earth magi
  12 vampire magi
  6 deep troll shamans
  37 dancing weapons
  5 orc high priests
  3 thrashing horrors
  Urug (Orc:1)
  6 hell knights
  25 deep elf knights
  20 naga sharpshooters
  7 shock serpents
  62 soul eaters
  121 sun demons
  5 spriggan berserkers
  A storm dragon zombie (Crypt:1)
  Sonja (Lair:5)
  40 skeletal warriors
  3 fire crabs
  2 titan skeletons
  Amaemon (D:8)
  4 wretched stars (Zig:11)
  A death drake (shapeshifter) (Zig:13)
  A golden dragon zombie (Depths:2)
  4 salamander mystics
  27 shadow wraiths
  55 sixfirhies
  6 iron trolls
  3 pharaoh ants
  7 quicksilver dragon simulacra
  A steelbarb worm (Zig:18)
  46 shadow demons
  3 spatial maelstroms
  The ghost of kalagan the Thaumaturge, a novice DECj of Sif Muna (D:7)
  2 goliath frogs (Zig:16)
  2 spriggan druids
  2 storm dragon skeletons (Pan)
  A glowing orange brain (shapeshifter) (Slime:3)
  3 cherubim (Zig:17)
  9 flayed ghosts
  10 glowing orange brains
  69 deep trolls
  4 orb spiders
  3 anaconda zombies
  2 swamp dragons (Zig:16)
  2 death drakes
  An orb spider (shapeshifter) (Zig:10)
  12 wizards
  26 sea snakes
  2 obsidian statues
  4 spriggan simulacra
  A sphinx zombie (Vaults:1)
  A swamp dragon (shapeshifter) (Zig:13)
  A steelbarb worm (shapeshifter) (Zig:19)
  2 orange crystal statues
  2 anaconda skeletons
  14 necromancers
  36 phantasmal warriors
  A bog body (Zig:16)
  2 bunyip skeletons
  A golden dragon skeleton (Pan)
  7 lindwurms
  A tengu zombie (Depths:3)
  2 fenstrider witch simulacra
  8 orc knights
  23 deep elf archers
  A harpy (shapeshifter) (Zig:20)
  9 naga ritualists
  A shadow dragon zombie (Depths:3)
  15 orc sorcerers
  12 mana vipers
  23 harpies
  19 ironbound convokers
  40 deep elf zephyrmancers
  5 wolf spiders
  An iron dragon zombie (Depths:3)
  42 deep elf pyromancers
  A shadow dragon skeleton (Crypt:3)
  6 will-o-the-wisps (Zig:16)
  2 worldbinders (Abyss:4)
  2 oklob plants
  11 shining eyes
  5 salamanders
  2 sphinx skeletons (Vaults:1)
  17 fauns
  58 ugly things
  A fire giant zombie (Crypt:2)
  10 cyclopes
  26 manticores
  11 rust devils
  A frost giant zombie (Depths:3)
  14 merfolk sirens
  An eleionoma skeleton (Crypt:1)
  4 elephants
  22 moths of wrath
  22 vault sentinels
  4 guardian serpents
  13 water nymphs
  2 frost giant skeletons
  A stone giant skeleton (Pan)
  Maurice (D:9)
  52 black mambas
  A dire elephant zombie (Crypt:3)
  15 ice statues
  4 apocalypse crabs
  An eye of devastation (Slime:4)
  129 smoke demons
  3 titan simulacra
  15 naga magi
  59 orange demons
  A torpor snail (shapeshifter) (Vaults:5)
  3 gargoyles
  2 torpor snails (Zig:18)
  An unseen horror zombie (Crypt:1)
  38 demonic crawlers
  13 hellions
  2 rime drakes (Lair:4)
  A dire elephant skeleton (Crypt:1)
  3 kobold demonologists (D:10)
  2 centaur skeletons
  14 cane toads
  7 efreet
  7 komodo dragons
  3 unseen horrors
  A spark wasp simulacrum (Depths:2)
  7 anaconda simulacra
  2 alligator snapping turtle skeletons
  28 yaktaurs
  A yaktaur skeleton (Vaults:4)
  17 freezing wraiths
  A yaktaur (shapeshifter) (Abyss:4)
  A sea snake zombie (Hell)
  8 guardian mummies
  53 hellwings (Pan)
  An ancient zyme (D:7)
  7 harpy zombies
  11 ice devils (Pan)
  3 tengu conjurers
  A hydra zombie (Hell)
  A redback zombie (Crypt:3)
  4 iron giant simulacra
  19 tormentors
  A sphinx simulacrum (Vaults:1)
  12 red devils
  56 merfolk
  A wind drake (shapeshifter) (Zig:24)
  7 trolls
  An elf skeleton (Vaults:1)
  5 polar bears
  A meliai (shapeshifter) (Zig:20)
  28 hornets
  4 raiju
  An ettin zombie (Vaults:4)
  23 wind drakes
  119 large abominations
  An iron dragon simulacrum (Coc:7)
  13 snapping turtles
  7 harpy skeletons (Pan)
  124 slime creatures
  A dream sheep (shapeshifter) (Zig:13)
  4 dream sheep
  5 blink frogs
  A human simulacrum (Vaults:1)
  A hydra skeleton (Hell)
  A blink frog (shapeshifter) (Zig:2)
  A jumping spider (shapeshifter) (Vaults:5)
  4 jumping spiders
  An ettin skeleton (Hell)
  93 ynoxinuls
  4 dire elephant simulacra
  A centaur simulacrum (Coc:1)
  13 wraiths
  A black mamba zombie (Crypt:3)
  10 flying skulls
  11 spriggans
  6 wyverns
  A culicivora (shapeshifter) (Zig:19)
  Sigmund (D:6)
  An alligator snapping turtle simulacrum (Coc:3)
  31 yaks
  13 shadows
  17 air elementals
  4 fire elementals
  A nameless horror (Zot:1)
  3 fire bats (Gauntlet)
  2 spriggans (shapeshifter)
  32 water elementals
  8 humans (D:14)
  54 neqoxecs
  4 redbacks
  An alligator skeleton (Hell)
  2 golden eyes (Slime:5)
  A yaktaur simulacrum (Vaults:4)
  6 basilisks
  88 chaos spawn
  Grum (D:8)
  2 spatial vortices (Abyss:4)
  16 harpy simulacra
  43 nagas
  14 wargs
  A hydra simulacrum (Hell)
  A naga zombie (Hell)
  A glowing orange brain zombie (Crypt:3)
  24 water moccasins
  An ogre skeleton (Vaults:1)
  2 acid dragons
  3 floating eyes
  A two-headed ogre skeleton (Pan)
  Duvessa (D:6)
  13 hell hounds
  A floating eye (shapeshifter) (Depths:2)
  A naga skeleton (Crypt:3)
  4 ice beasts
  A swamp drake (Zig:16)
  48 orc warriors
  A snapping turtle zombie (Crypt:3)
  A floating eye zombie (Crypt:2)
  3 black bears
  10 ettin simulacra
  An ice beast (shapeshifter) (Vaults:5)
  A tengu (shapeshifter) (Depths:1)
  19 starcursed masses
  3 wolves
  A blink frog skeleton (Crypt:3)
  An eye of devastation zombie (Crypt:1)
  11 ogres
  4 boggarts
  7 centaurs
  3 kobold brigands (D:10)
  A slime creature simulacrum (IceCv)
  10 bullfrogs
  7 small abominations
  A vine stalker zombie (Crypt:3)
  7 earth elementals
  2 necrophages
  2 gnoll sergeants
  A human skeleton (Vaults:4)
  4 scorpions
  5 naga simulacra
  14 wights
  A polar bear skeleton (Crypt:2)
  22 killer bees
  2 electric eels (Snake:2)
  5 howler monkeys
  3 crimson imps
  2 hounds
  An iron imp (Abyss:1)
  18 jellies
  24 orc priests
  3 gnoll boudas (D:5)
  4 iguanas
  12 hell rats
  20 orc wizards
  A shapeshifter simulacrum (IceCv)
  An ogre zombie (Crypt:1)
  15 mummies
  25 gnolls
  6 adders
  2 river rats (D:11)
  A shadow imp (D:6)
  A white imp (Abyss:3)
  3 ufetubi
  A lava snake zombie (Crypt:2)
  A worm zombie (Crypt:1)
  An iguana skeleton (Crypt:1)
  A worm (D:3)
  A dart slug (D:2)
  81 orcs
  A bat zombie (Shoals:3)
  6 endoplasms
  4 giant cockroaches
  19 goblins
  7 hobgoblins
  3 jackals
  6 quokkas
  2 ball pythons
  6 bats
  A frilled lizard (D:3)
  A frilled lizard zombie (Crypt:3)
  20 kobolds
  A rat (D:3)
  A river rat skeleton (Crypt:1)
  A ball lightning (Pan)
  A briar patch (WizLab)
  A bush (WizLab)
  22 butterflies
  2 fire vortices
  A fulminant prism (Lair:4)
  A starspawn tentacle (Abyss:3)
  3 tentacles
4856 creatures vanquished.

Vanquished Creatures (collateral kills)
  Antaeus (Coc:7)
  7 pandemonium lords (Pan)
  3 dread liches
  2 ancient liches
  2 orbs of fire (Zot:5)
  2 juggernauts (Zig:9)
  7 shard shrikes
  Parghit (Zot:1)
  3 Killer Klowns (Zot:5)
  A golden dragon (Zot:2)
  2 bone dragons
  5 Brimstone Fiends (Pan)
  13 Tzitzimimeh
  3 doom hounds (Depths:1)
  2 tentacled monstrosities (Zot:3)
  A Hell Sentinel (Pan)
  6 Ice Fiends
  14 Orb Guardians (Zot:5)
  3 titans
  A deep elf blademaster (Zig:24)
  2 acid blobs
  A quicksilver dragon (Vaults:5)
  4 eldritch tentacles
  2 death cobs (Zot:5)
  2 Executioners (Pan)
  2 shadow dragons (Vaults:5)
  A storm dragon (Zot:3)
  The ghost of Polaczum the Brawler, an adept TrMo of Nemelex Xobeh (Zig:25)
  2 tengu reavers (Vaults:5)
  4 demonspawn warmongers (Pan)
  A rockslime (Slime:5)
  7 azure jellies
  A fenstrider witch (Zot:5)
  11 narguns
  2 fire giants
  3 shard shrike simulacra
  3 frost giants
  4 cacodemons (Pan)
  19 balrugs
  A curse skull (Zig:25)
  An angel (Pan)
  A draconian annihilator (Zot:1)
  A draconian shifter (Zot:1)
  6 reapers
  6 demonspawn blood saints (Pan)
  7 demonspawn corrupters (Pan)
  3 very ugly things
  2 ironbound preservers
  A quicksilver ooze (Zig:3)
  5 demonspawn black suns (Pan)
  2 elemental wellsprings
  A green draconian (Zot:1)
  A white draconian (Zot:1)
  4 lorocyprocas (Pan)
  2 red draconians (Zot:1)
  9 wendigos
  3 blizzard demons (Pan)
  5 green deaths (Pan)
  2 jiangshi (Crypt:1)
  A deep elf death mage (Zig:6)
  4 vault guards (Vaults:5)
  An ogre mage (Vaults:5)
  3 caustic shrike simulacra
  2 hell beasts
  4 dancing weapons
  A deep troll earth mage (Vaults:5)
  11 large abominations (Pan)
  4 soul eaters
  48 sun demons
  2 hell knights (Vaults:5)
  A skeletal warrior (Crypt:1)
  9 sixfirhies (Pan)
  A quicksilver dragon simulacrum (Coc:2)
  5 shadow demons (Pan)
  A phantasmal warrior (Vaults:3)
  A spriggan simulacrum (Coc:7)
  An ugly thing (Pan)
  2 apocalypse crabs (Zig:13)
  2 rust devils
  7 smoke demons (Pan)
  2 titan simulacra
  5 orange demons (Pan)
  3 ice devils
  An anaconda simulacrum (Coc:6)
  4 demonic crawlers (Pan)
  5 tormentors
  4 freezing wraiths
  4 red devils (Pan)
  4 efreet (Pan)
  13 hellwings (Pan)
  A golden dragon simulacrum (Coc:5)
  4 slime creatures
  A snapping turtle (shapeshifter) (Zig:19)
  An ettin zombie (Crypt:1)
  A dire elephant simulacrum (Coc:4)
  11 ynoxinuls (Pan)
  A fire elemental (Zig:20)
  4 neqoxecs (Pan)
  8 chaos spawn
  A minotaur simulacrum (Hell)
  2 harpy simulacra
  A hydra simulacrum (Coc:6)
  A deep troll skeleton (Crypt:1)
  A floating eye (Pan)
  A black mamba simulacrum (Coc:2)
  Dowan (D:7)
  A crimson imp (Pan)
  A steam dragon skeleton (Crypt:1)
  4 fire vortices (Pan)
416 creatures vanquished.

Vanquished Creatures (others)
  3 ancient liches (Vaults:5)
  A Killer Klown (Zig:13)
  2 tentacled monstrosities (Vaults:5)
  A deep elf blademaster (Zig:24)
  98 eldritch tentacles
  A titan (Vaults:5)
  A tengu reaver (Vaults:5)
  A shadow dragon (Vaults:5)
  A vault warden (Vaults:5)
  A frost giant (Vaults:5)
  An ironbound preserver (Vaults:5)
  A stone giant (Vaults:5)
  A demonspawn corrupter (Pan)
  A demonspawn blood saint (Pan)
  A lorocyproca (Pan)
  2 ettins (Vaults:5)
  2 yaktaur captains (Vaults:5)
  A caustic shrike simulacrum (Coc:6)
  An ogre mage (Vaults:5)
  A juggernaut simulacrum (Coc:1)
  4 vault guards
  A deep troll earth mage (Vaults:5)
  A soul eater (Pan)
  2 hell knights (Vaults:5)
  A skeletal warrior (Crypt:1)
  A deep troll (Depths:4)
  2 quicksilver dragon simulacra
  A spriggan simulacrum (Coc:7)
  2 phantasmal warriors (Vaults:5)
  A necromancer (Vaults:5)
  4 ironbound convokers (Vaults:5)
  An ugly thing (Zig:13)
  A titan simulacrum (Coc:7)
  2 yaktaurs (Vaults:5)
  A harpy zombie (Shoals:3)
  A slime creature (Slime:2)
  2 stone giant simulacra
  A chaos spawn (Pan)
  A human (D:14)
  5 ball lightnings (Pan)
  3 bushes
  9 demonic plants
  6 fire vortices
  337 fulminant prisms
  65 fungi
  218 plants
  7 starspawn tentacles
  9 tentacles
811 creatures vanquished.

Grand Total: 6083 creatures vanquished

Notes
Turn   | Place    | Note
-------+----------+-------------------------------------------
     0 | D:1      | CrazyMind the Gnoll Conjurer began the quest for the Orb.
     0 | D:1      | Reached XP level 1. HP: 13/13 MP: 6/6
   143 | D:1      | Reached XP level 2. HP: 19/19 MP: 3/7
   146 | D:1      | Learned a level 2 spell: Searing Ray
   253 | D:1      | Found a faded altar of an unknown god.
  1415 | D:2      | Reached skill level 5 in Spellcasting
  1415 | D:2      | Reached XP level 3. HP: 25/25 MP: 7/9
  1419 | D:2      | Learned a level 3 spell: Dazzling Flash
  1695 | D:3      | Reached skill level 1 in Invocations
  1763 | D:3      | Reached skill level 1 in Fighting
  1763 | D:3      | Reached skill level 1 in Short Blades
  1763 | D:3      | Reached skill level 1 in Long Blades
  1763 | D:3      | Reached skill level 1 in Axes
  1763 | D:3      | Reached skill level 1 in Maces & Flails
  1763 | D:3      | Reached skill level 1 in Polearms
  1763 | D:3      | Reached skill level 1 in Staves
  1763 | D:3      | Reached skill level 1 in Ranged Weapons
  1763 | D:3      | Reached skill level 1 in Throwing
  1763 | D:3      | Reached skill level 1 in Armour
  1763 | D:3      | Reached skill level 1 in Shields
  1763 | D:3      | Reached skill level 1 in Unarmed Combat
  1763 | D:3      | Reached skill level 1 in Evocations
  1834 | D:3      | Reached XP level 4. HP: 32/32 MP: 3/11
  2005 | D:3      | Reached skill level 1 in Hexes
  2005 | D:3      | Reached skill level 1 in Summonings
  2005 | D:3      | Reached skill level 1 in Necromancy
  2005 | D:3      | Reached skill level 1 in Translocations
  2005 | D:3      | Reached skill level 1 in Transmutations
  2005 | D:3      | Reached skill level 1 in Fire Magic
  2005 | D:3      | Reached skill level 1 in Ice Magic
  2005 | D:3      | Reached skill level 1 in Air Magic
  2005 | D:3      | Reached skill level 1 in Earth Magic
  2005 | D:3      | Reached skill level 1 in Poison Magic
  2456 | D:3      | Reached XP level 5. HP: 36/37 MP: 4/12
  3205 | D:3      | Reached XP level 6. HP: 38/44 MP: 10/13
  3255 | D:4      | Reached skill level 5 in Dodging
  3666 | D:4      | Found a sparkling altar of Nemelex Xobeh.
  3877 | D:5      | Entered Level 5 of the Dungeon
  3926 | D:5      | Found a shimmering altar of Xom.
  3926 | D:5      | Found a faded altar of an unknown god.
  3934 | D:5      | Found a faded altar of an unknown god.
  3936 | D:5      | Found a basalt altar of Yredelemnul.
  3938 | D:5      | Found an iron altar of Okawaru.
  3971 | D:5      | Noticed an ice beast
  4135 | D:5      | Found a sacrificial altar of Ru.
  4254 | D:5      | Reached XP level 7. HP: 50/50 MP: 7/15
  5071 | D:5      | Reached skill level 5 in Stealth
  5465 | D:5      | Found a broken altar of Ashenzari.
  5826 | D:5      | Reached XP level 8. HP: 27/58 MP: 0/16
  6251 | D:6      | Found a staircase to the Ecumenical Temple.
  6258 | D:6      | Identified the +1 leather armour of the Sea {rC+ Dex-3
                  | Slay+4 Stlth+}
  6288 | Temple   | Entered the Ecumenical Temple
  6383 | D:6      | Noticed Sigmund
  6702 | D:6      | Found an opulent altar of Gozag.
  6719 | D:6      | Became a worshipper of Gozag Ym Sagoz the Greedy
  6815 | D:6      | Found a glowing silver altar of Zin.
  7965 | D:7      | Found a transporter.
  7973 | D:7      | Noticed Dowan
  8093 | D:7      | Noticed a wyvern
  8325 | D:7      | Reached XP level 9. HP: 65/65 MP: 18/18
  8332 | D:7      | Learned a level 4 spell: Iskenderun's Mystic Blast
  8337 | D:7      | Learned a level 4 spell: Fulminant Prism
  8342 | D:7      | Learned a level 4 spell: Sticky Flame
  8574 | D:7      | Noticed Duvessa
  8608 | D:7      | Killed Dowan
  8988 | D:6      | Killed Duvessa
  9288 | D:7      | Noticed kalagan's ghost (novice DECj)
  9360 | D:7      | Found a transporter.
  9384 | D:7      | Noticed an ancient zyme
 10096 | D:8      | Noticed Amaemon
 10159 | D:8      | Noticed an orange demon
 10261 | D:8      | Reached skill level 5 in Invocations
 10271 | D:8      | Noticed Grum
 10281 | D:8      | Killed Grum
 10701 | D:8      | Reached skill level 5 in Fighting
 10701 | D:8      | Reached skill level 5 in Short Blades
 10701 | D:8      | Reached skill level 5 in Long Blades
 10701 | D:8      | Reached skill level 5 in Axes
 10701 | D:8      | Reached skill level 5 in Maces & Flails
 10701 | D:8      | Reached skill level 5 in Polearms
 10701 | D:8      | Reached skill level 5 in Staves
 10701 | D:8      | Reached skill level 5 in Ranged Weapons
 10701 | D:8      | Reached skill level 5 in Throwing
 10701 | D:8      | Reached skill level 5 in Armour
 10701 | D:8      | Reached skill level 5 in Shields
 10701 | D:8      | Reached skill level 5 in Unarmed Combat
 10701 | D:8      | Reached skill level 5 in Evocations
 10701 | D:8      | Reached XP level 10. HP: 74/74 MP: 12/20
 11539 | D:6      | Killed Sigmund
 12270 | D:9      | Noticed a two-headed ogre
 12311 | D:9      | Noticed Maurice
 12442 | D:10     | Entered Level 10 of the Dungeon
 12442 | D:10     | Found a flagged portal.
 12477 | Bailey   | Entered a bailey
 13519 | D:10     | Found a hide-covered altar of Uskayaw.
 13593 | D:10     | Noticed a kobold demonologist
 14269 | D:10     | Noticed a two-headed ogre
 14319 | D:9      | Killed a two-headed ogre
 14320 | D:9      | Reached skill level 5 in Hexes
 14320 | D:9      | Reached skill level 5 in Summonings
 14320 | D:9      | Reached skill level 5 in Necromancy
 14320 | D:9      | Reached skill level 5 in Translocations
 14320 | D:9      | Reached skill level 5 in Transmutations
 14320 | D:9      | Reached skill level 5 in Fire Magic
 14320 | D:9      | Reached skill level 5 in Ice Magic
 14320 | D:9      | Reached skill level 5 in Air Magic
 14320 | D:9      | Reached skill level 5 in Earth Magic
 14320 | D:9      | Reached skill level 5 in Poison Magic
 14320 | D:9      | Reached XP level 11. HP: 81/81 MP: 19/22
 14415 | D:9      | Noticed a two-headed ogre
 14642 | D:8      | Found a staircase to the Lair.
 14660 | D:9      | Killed a two-headed ogre
 15179 | D:9      | Killed Maurice
 15205 | Lair:1   | Entered Level 1 of the Lair of Beasts
 15293 | Lair:1   | Bought a scroll of identify for 26 gold pieces
 15293 | Lair:1   | Bought 2 potions of degeneration for 26 gold pieces
 15334 | Lair:1   | Noticed a six-headed hydra
 15866 | Lair:1   | Identified the +5 quarterstaff "Undertaker" {pain, +Blink}
 16031 | Lair:1   | Noticed a six-headed hydra
 16729 | Lair:1   | Killed a six-headed hydra
 17000 | Lair:2   | Found a staircase to the Snake Pit.
 17087 | Lair:2   | Noticed a four-headed hydra
 17606 | Lair:2   | Found an opulent altar of Gozag.
 17861 | Lair:2   | Found a staircase to the Shoals.
 18551 | Lair:2   | Killed a four-headed hydra
 18552 | Lair:2   | Reached XP level 12. HP: 82/91 MP: 6/24
 18935 | Lair:1   | Killed a six-headed hydra
 20783 | Lair:3   | Found the +8 whip "Snakebite" {venom, curare, rPois}
 21007 | Lair:4   | Found a gate leading to a gauntlet.
 21033 | Gauntlet | Entered a Gauntlet
 21033 | Gauntlet | Found a transporter.
 21043 | Gauntlet | Found a transporter.
 21045 | Gauntlet | Found a transporter.
 21046 | Gauntlet | Found a transporter.
 21054 | Gauntlet | Found a transporter.
 21057 | Gauntlet | Found a transporter.
 21058 | Gauntlet | Found a transporter.
 21068 | Gauntlet | Found a transporter.
 21070 | Gauntlet | Found a transporter.
 21071 | Gauntlet | Found a transporter.
 21077 | Gauntlet | Found a runed translucent gate.
 21079 | Gauntlet | Found a runed translucent gate.
 21079 | Gauntlet | Found a transporter.
 21080 | Gauntlet | Noticed a green death
 21081 | Gauntlet | Found a runed translucent gate.
 21082 | Gauntlet | Found a transporter.
 21083 | Gauntlet | Found a transporter.
 21090 | Gauntlet | Noticed a cacodemon
 21091 | Gauntlet | Found a transporter.
 21519 | Gauntlet | Noticed a sun demon
 21799 | Gauntlet | Noticed a minotaur
 21822 | Gauntlet | Identified the ring of Greater Demons {rPois Str+4}
 21822 | Gauntlet | Identified the ring of Wisdom {*Slow rPois AC+4 Str-5 SInv}
 22259 | Lair:4   | Noticed a death yak
 22260 | Lair:4   | Noticed a death yak
 22261 | Lair:4   | Noticed a death yak
 22261 | Lair:4   | Noticed a death yak
 22262 | Lair:4   | Noticed a death yak
 22392 | D:10     | Killed a two-headed ogre
 22393 | D:10     | Reached XP level 13. HP: 98/98 MP: 18/26
 22941 | D:10     | Found a staircase to the Orcish Mines.
 22971 | D:10     | Reached skill level 10 in Conjurations
 23814 | D:8      | Killed Amaemon
 24143 | Lair:4   | Found a viscous altar of Jiyva.
 24143 | Lair:4   | Found a staircase to the Slime Pits.
 24515 | Lair:4   | Found a runed translucent door.
 24516 | Lair:4   | Noticed duchin's ghost (journeyman MfIE)
 24519 | Lair:4   | Identified the +11 trident "Xiotsi Qorub" {antimagic, rC+}
 24989 | Lair:3   | Reached skill level 10 in Spellcasting
 25847 | Lair:4   | Reached skill level 10 in Dodging
 26275 | Lair:5   | Entered Level 5 of the Lair of Beasts
 26601 | Lair:5   | Noticed a great orb of eyes
 26620 | Lair:5   | Noticed a great orb of eyes
 26620 | Lair:5   | Noticed an acid blob
 26634 | Lair:4   | Killed a great orb of eyes
 26635 | Lair:4   | Reached skill level 10 in Stealth
 26949 | Lair:4   | Killed a great orb of eyes
 27055 | Lair:5   | Noticed a rockslime
 27087 | Lair:5   | Noticed a great orb of eyes
 27102 | Lair:5   | Noticed a quicksilver ooze
 27357 | Lair:5   | Noticed a quicksilver ooze
 27458 | Lair:5   | Noticed a quicksilver ooze
 27464 | Lair:4   | Paralysed by a great orb of eyes for 5 turns
 27473 | Lair:4   | Killed a great orb of eyes
 27474 | Lair:4   | Reached skill level 10 in Invocations
 27474 | Lair:4   | Reached XP level 14. HP: 46/108 MP: 23/28
 27927 | D:11     | You fall into a shaft and drop 3 floors!
 27953 | D:13     | Found a frozen archway.
 27964 | IceCv    | Entered an ice cave
 28576 | IceCv    | Noticed a quicksilver ooze
 28588 | IceCv    | HP: 1/108 [quicksilver ooze (14)]
 29589 | D:11     | Learned a level 4 spell: Dispel Undead
 32369 | D:12     | Found Ahee's Antique Armour Shop.
 34396 | D:13     | Learned a level 5 spell: Yara's Violent Unravelling
 34676 | D:14     | Reached skill level 10 in Fighting
 34676 | D:14     | Reached skill level 10 in Short Blades
 34676 | D:14     | Reached skill level 10 in Long Blades
 34676 | D:14     | Reached skill level 10 in Axes
 34676 | D:14     | Reached skill level 10 in Maces & Flails
 34676 | D:14     | Reached skill level 10 in Polearms
 34676 | D:14     | Reached skill level 10 in Staves
 34676 | D:14     | Reached skill level 10 in Ranged Weapons
 34676 | D:14     | Reached skill level 10 in Throwing
 34676 | D:14     | Reached skill level 10 in Armour
 34676 | D:14     | Reached skill level 10 in Shields
 34676 | D:14     | Reached skill level 10 in Unarmed Combat
 34676 | D:14     | Reached skill level 10 in Evocations
 34843 | D:14     | Found Ysups's Assorted Antiques.
 35471 | D:14     | Reached XP level 15. HP: 65/115 MP: 19/30
 36100 | D:14     | Bought a scroll of blinking for 217 gold pieces
 36566 | D:14     | Found a gate to the Vaults.
 36688 | D:15     | Entered Level 15 of the Dungeon
 37110 | D:15     | Found a stormy altar of Qazlal.
 38085 | D:15     | Found a staircase to the Depths.
 38085 | D:15     | Noticed a frost giant
 38790 | Orc:1    | Entered Level 1 of the Orcish Mines
 39006 | Orc:1    | Noticed Urug
 39156 | Orc:2    | Entered Level 2 of the Orcish Mines
 39653 | Orc:2    | Found a staircase to the Elven Halls.
 40386 | Orc:2    | Noticed Donald
 40458 | Orc:1    | Noticed an orc warlord
 40930 | Orc:1    | Killed Urug
 40983 | Orc:1    | Killed an orc warlord
 42223 | Orc:1    | Killed Donald
 43551 | Orc:2    | Reached XP level 16. HP: 103/118 MP: 31/32
 43624 | Orc:2    | Found Bocyul's Jewellery Boutique.
 43629 | Orc:2    | Found Lirghesah's Assorted Antiques.
 43641 | Orc:2    | Found Ehuaragi's Weapon Emporium.
 43682 | Orc:2    | Found Kupi's Weapon Boutique.
 44711 | Lair:4   | Killed duchin's ghost
 46091 | Lair:5   | Killed an acid blob
 46462 | Lair:5   | Killed a rockslime
 46798 | Lair:5   | Noticed Nessos
 47084 | Lair:5   | Noticed Sonja
 47091 | Lair:5   | Killed Sonja
 48601 | Lair:5   | Killed Nessos
 48961 | Snake:1  | Entered Level 1 of the Snake Pit
 49028 | Snake:1  | Noticed Rupert
 49388 | Shoals:1 | Entered Level 1 of the Shoals
 49388 | Shoals:1 | Noticed Mlioglotl
 49390 | Shoals:1 | Found a runed translucent gate.
 49391 | Shoals:1 | Found a runed translucent gate.
 49409 | Shoals:1 | Killed Mlioglotl
 49696 | Shoals:1 | Found a runed translucent gate.
 49699 | Shoals:1 | Noticed LaularuKyrumo's ghost (adept NaBe)
 49702 | Shoals:1 | You fall into a shaft and drop 1 floor!
 50206 | Lair:2   | Learned a level 5 spell: Fireball
 50904 | Shoals:1 | Noticed Frances
 51745 | Lair:2   | Killed Rupert
 51746 | Lair:2   | Reached XP level 17. HP: 107/133 MP: 2/33
 52622 | Lair:2   | Reached skill level 10 in Hexes
 52622 | Lair:2   | Reached skill level 10 in Summonings
 52622 | Lair:2   | Reached skill level 10 in Necromancy
 52622 | Lair:2   | Reached skill level 10 in Translocations
 52622 | Lair:2   | Reached skill level 10 in Transmutations
 52622 | Lair:2   | Reached skill level 10 in Fire Magic
 52622 | Lair:2   | Reached skill level 10 in Ice Magic
 52622 | Lair:2   | Reached skill level 10 in Air Magic
 52622 | Lair:2   | Reached skill level 10 in Earth Magic
 52622 | Lair:2   | Reached skill level 10 in Poison Magic
 54197 | Snake:2  | Noticed Vashnia
 55252 | Snake:1  | Learned a level 6 spell: Starburst
 55255 | Snake:1  | Learned a level 2 spell: Passwall
 57035 | Snake:2  | Found a hazy altar of Hepliaklqana.
 58377 | Snake:2  | Killed Vashnia
 59255 | Snake:3  | Noticed Saint Roka
 60069 | Snake:3  | Killed Saint Roka
 60489 | Snake:4  | Entered Level 4 of the Snake Pit
 60951 | Snake:4  | Reached XP level 18. HP: 141/141 MP: 3/35
 62157 | Snake:4  | Noticed Aizul
 62238 | Snake:3  | Killed Aizul
 63148 | Snake:4  | Found a runed translucent door.
 63149 | Snake:4  | Noticed dvd2's ghost (adept GnDe)
 63159 | Snake:4  | Killed dvd2's ghost
 65016 | Snake:4  | Got a serpentine rune of Zot
 65345 | Shoals:1 | Killed Frances
 65527 | Shoals:2 | Found Goppaij's Weapon Shoppe.
 65684 | Shoals:2 | Noticed Polyphemus
 65697 | Shoals:1 | Killed Polyphemus
 67100 | Shoals:2 | Noticed Ilsuiw
 67352 | Shoals:2 | Killed Ilsuiw
 68864 | Shoals:3 | Reached skill level 15 in Short Blades
 69318 | Shoals:3 | Reached XP level 19. HP: 149/149 MP: 2/37
 69846 | Shoals:3 | Found Hucienal's Jewellery Boutique.
 71210 | Shoals:4 | Entered Level 4 of the Shoals
 72762 | Shoals:4 | Identified the +1 swamp dragon scales "Casoscho" {rPois
                  | Regen+ Str+3}
 74224 | Shoals:4 | Got a barnacled rune of Zot
 74377 | Shoals:4 | Identified the +5 rapier of Laiqoif {flame, rF+ rCorr
                  | Int+3}
 74391 | Shoals:4 | Noticed Roxanne
 74981 | Shoals:4 | Noticed Louise
 75076 | Shoals:4 | Killed Louise
 76097 | Shoals:4 | Killed Roxanne
 76512 | Elf:1    | Entered Level 1 of the Elven Halls
 76685 | Elf:1    | Paralysed by an air elemental for 1 turns
 77287 | Elf:1    | Reached skill level 15 in Invocations
 78062 | Elf:1    | Paralysed by an air elemental for 1 turns
 78467 | Elf:1    | Reached XP level 20. HP: 158/158 MP: 22/38
 79297 | Elf:2    | Paralysed by an air elemental for 1 turns
 79303 | Elf:2    | Paralysed by an air elemental for 1 turns
 80162 | Elf:2    | Identified the +5 flail "Xoggan" {vamp, Stlth+}
 80167 | Elf:2    | Got the Incunable of Adjuration
 80488 | Elf:1    | Found a shimmering altar of Xom.
 80676 | Elf:2    | Found a runed translucent gate.
 80677 | Elf:2    | Found a runed translucent gate.
 80677 | Elf:2    | Found a runed translucent gate.
 81076 | Elf:2    | Reached skill level 15 in Spellcasting
 82883 | Elf:3    | Entered Level 3 of the Elven Halls
 83037 | Elf:3    | Found Gucazow's Assorted Antiques.
 83190 | Elf:3    | Reached skill level 15 in Dodging
 84516 | Elf:3    | Paralysed by an air elemental for 1 turns
 84521 | Elf:3    | Reached skill level 15 in Stealth
 85246 | Elf:3    | Identified the +4 broad axe "Tasum" {protect, rN++ MP-9
                  | Str+3}
 85543 | Elf:3    | Identified the ring of Uniguin {Will+ rCorr Str-5 Int+2
                  | SInv}
 85623 | Elf:3    | Reached XP level 21. HP: 155/166 MP: 25/40
 85766 | Elf:3    | Identified the +7 scimitar "Akeckoi" {vorpal, Dex+7}
 85987 | Elf:3    | Identified the amulet "Teisaogues" {Faith SInv Stlth+}
 85988 | Elf:3    | Identified the +2 robe "Locwiuff" {rC+ Str+2}
 86366 | Elf:3    | Identified the +2 pair of gloves of the Game Afoot {rPois
                  | rN+}
 86382 | Elf:3    | Got the Almanac of Bewitching Left-Handed Arts
 86792 | Shoals:3 | Bought the ring of Foolhardiness {Wiz rN+ Str+5} for 1034
                  | gold pieces
 87559 | D:7      | Killed kalagan's ghost
 87686 | D:7      | Found a one-way gate to the infinite horrors of the Abyss.
 87900 | Vaults:1 | Entered Level 1 of the Vaults
 89131 | Vaults:1 | Identified the +1 trident of Grace {freeze, rCorr Int+4}
 90705 | Vaults:2 | Noticed Mara
 90773 | Vaults:2 | Noticed CrazyMind's illusion
 90781 | Vaults:2 | Killed Mara
 90782 | Vaults:2 | Reached skill level 15 in Fighting
 90782 | Vaults:2 | Reached skill level 15 in Long Blades
 90782 | Vaults:2 | Reached skill level 15 in Axes
 90782 | Vaults:2 | Reached skill level 15 in Maces & Flails
 90782 | Vaults:2 | Reached skill level 15 in Polearms
 90782 | Vaults:2 | Reached skill level 15 in Staves
 90782 | Vaults:2 | Reached skill level 15 in Ranged Weapons
 90782 | Vaults:2 | Reached skill level 15 in Throwing
 90782 | Vaults:2 | Reached skill level 15 in Armour
 90782 | Vaults:2 | Reached skill level 15 in Shields
 90782 | Vaults:2 | Reached skill level 15 in Unarmed Combat
 90782 | Vaults:2 | Reached skill level 15 in Evocations
 92534 | Vaults:2 | Noticed Sojobo
 92677 | Vaults:2 | Found Extusuunt's General Store.
 93800 | Vaults:3 | Found Adduneh's Assorted Antiques.
 94153 | Vaults:3 | Reached XP level 22. HP: 102/170 MP: 35/42
 96197 | Vaults:3 | Got the Catalogue of the Telluric Impact
 96209 | Vaults:3 | You fall into a shaft and drop 1 floor!
 96255 | Vaults:4 | Found a magical portal.
 96276 | WizLab   | Entered Eringya's Formal Garden
 97987 | WizLab   | Found a blossoming altar of Fedhas.
 98137 | Vaults:4 | Noticed Boris
 98147 | Vaults:4 | Killed Boris
 98362 | Vaults:3 | Reached skill level 15 in Conjurations
 99491 | Vaults:3 | Found a huge runed gate.
 99491 | Vaults:3 | Found a huge runed gate.
 99491 | Vaults:3 | Found a huge runed gate.
 99491 | Vaults:3 | Found a huge runed gate.
 99491 | Vaults:3 | Found a huge runed gate.
 99491 | Vaults:3 | Found a huge runed gate.
 99492 | Vaults:3 | Found a huge runed gate.
 99492 | Vaults:3 | Found a huge runed gate.
 99492 | Vaults:3 | Found a huge runed gate.
 99492 | Vaults:3 | Found a huge runed gate.
 99492 | Vaults:3 | Found a huge runed gate.
 99493 | Vaults:3 | Found a huge runed gate.
 99494 | Vaults:3 | Found a huge runed gate.
 99495 | Vaults:3 | Found a huge runed gate.
 99579 | Vaults:3 | Found a huge runed gate.
 99580 | Vaults:3 | Found a huge runed gate.
 99581 | Vaults:3 | Found a huge runed gate.
 99721 | Vaults:3 | Found a huge runed gate.
 99721 | Vaults:3 | Found a huge runed gate.
 99721 | Vaults:3 | Found a huge runed gate.
 99721 | Vaults:3 | Found a huge runed gate.
 99721 | Vaults:3 | Found a huge runed gate.
 99721 | Vaults:3 | Found a huge runed gate.
 99722 | Vaults:3 | Found a huge runed gate.
 99723 | Vaults:3 | Found a huge runed gate.
 99724 | Vaults:3 | Found a huge runed gate.
 99786 | Vaults:3 | Found a huge runed gate.
 99786 | Vaults:3 | Found a huge runed gate.
 99786 | Vaults:3 | Found a huge runed gate.
 99786 | Vaults:3 | Found a huge runed gate.
 99786 | Vaults:3 | Found a huge runed gate.
 99787 | Vaults:3 | Found a huge runed gate.
 99788 | Vaults:3 | Found a huge runed gate.
 99789 | Vaults:3 | Found a huge runed gate.
 99800 | Vaults:3 | Found a staircase to the Crypt.
 99803 | Vaults:3 | Got Sif Muna's Volume of Darkness and Filth
 99842 | Vaults:3 | Found a huge runed gate.
 99848 | Vaults:3 | Found a huge runed gate.
100542 | Vaults:3 | Identified the +8 flail of the Demagogue {drain, rF+ Str-4
                  | Int+4}
101941 | Vaults:4 | Identified the ring "Feewavut" {Will+ Str+3 Int+6}
102052 | Vaults:4 | Noticed Jory
102210 | Vaults:4 | Reached XP level 23. HP: 156/183 MP: 40/43
103547 | Vaults:4 | Killed Jory
103995 | Vaults:2 | Killed Sojobo
104489 | Shoals:1 | Killed LaularuKyrumo's ghost
104800 | Shoals:1 | Got the Dissertation on Fog and the Blaze
104806 | Shoals:1 | Reached XP level 24. HP: 191/191 MP: 43/43
105182 | Depths:1 | Entered Level 1 of the Depths
105193 | Depths:1 | Found a gateway to Hell.
105210 | Depths:1 | Found Acsycirph's Book Shop.
105215 | Depths:1 | Found Gulueff's Antique Armour Shop.
105324 | Depths:1 | Bought a smoking ring mail for 288 gold pieces
105324 | Depths:1 | Identified the +2 ring mail "Bakukhogy" {rCorr SInv} (You
                  | bought it in a shop on level 1 of the Depths)
105391 | Depths:1 | Noticed Boris
105712 | Depths:1 | Learned a level 6 spell: Iron Shot
106240 | Depths:1 | Killed Boris
106507 | Depths:1 | Found Uzaeshre's Gadget Gallery.
107112 | Depths:2 | Noticed Boris
107227 | Depths:1 | Killed Boris
109137 | Depths:2 | Paralysed by a floating eye for 2 turns
109298 | Depths:2 | Found a hazy altar of Hepliaklqana.
109944 | Depths:2 | Identified the +5 long sword of Duty {spect, rPois rF++
                  | rC+}
110898 | Depths:2 | Found a shadowy altar of Dithmenos.
111575 | Depths:2 | Found a one-way gate leading to the halls of Pandemonium.
112079 | Depths:3 | Found a one-way gateway to a ziggurat.
112103 | Depths:3 | Found Xaqeym's Armour Shop.
112112 | Depths:3 | Reached XP level 25. HP: 199/199 MP: 29/44
112582 | Depths:3 | Found Vosh's CLEARANCE SALE!.
112950 | Depths:3 | Noticed an ancient lich
113750 | Depths:3 | Killed an ancient lich
115319 | Depths:3 | Got Kikubaaqudgha's Tome of the Crypt
116307 | Depths:4 | Entered Level 4 of the Depths
118414 | Depths:4 | Noticed a juggernaut
118440 | Depths:4 | Killed a juggernaut
120076 | Depths:4 | Found a gate to the Realm of Zot.
122273 | Depths:4 | Learned a level 6 spell: Statue Form
122967 | Vaults:5 | Entered Level 5 of the Vaults
123066 | Vaults:5 | Identified the +7 dagger "Hetalamn" {vorpal, Dex+4}
123080 | Vaults:5 | Identified the +9 war axe "Xar Akig" {vamp, rElec rF- MP-9
                  | Str+5}
123086 | Vaults:5 | Reached XP level 26. HP: 109/203 MP: 33/45
123610 | Vaults:5 | Identified the +11 morningstar of Honour {vamp, *Corrode
                  | rElec rN++ Will+++}
123610 | Vaults:5 | Identified the ring "Yhiklib" {rCorr Int+3}
123629 | Vaults:5 | Noticed an ancient lich
123637 | Vaults:5 | Noticed an ancient lich
123639 | Vaults:5 | Identified the +6 sling of Luxury {flame, rC+ rN+}
123650 | Vaults:5 | Killed an ancient lich
123678 | Vaults:5 | Killed an ancient lich
124125 | Vaults:5 | Noticed an ancient lich
124151 | Vaults:5 | HP: 12/271 [fire giant/fireball (41)]
124553 | Vaults:5 | Noticed an ancient lich
124561 | Vaults:5 | Killed an ancient lich
124562 | Vaults:5 | Reached skill level 15 in Hexes
124562 | Vaults:5 | Reached skill level 15 in Summonings
124562 | Vaults:5 | Reached skill level 15 in Necromancy
124562 | Vaults:5 | Reached skill level 15 in Translocations
124562 | Vaults:5 | Reached skill level 15 in Transmutations
124562 | Vaults:5 | Reached skill level 15 in Fire Magic
124562 | Vaults:5 | Reached skill level 15 in Ice Magic
124562 | Vaults:5 | Reached skill level 15 in Air Magic
124562 | Vaults:5 | Reached skill level 15 in Earth Magic
124562 | Vaults:5 | Reached skill level 15 in Poison Magic
124990 | Vaults:5 | Identified the +5 ring mail of Wu Jian's Anger {Int+10
                  | Stlth-}
124990 | Vaults:5 | Identified the amulet "Xaenut" {Reflect rF- rCorr Str+4
                  | SH+5}
125842 | Vaults:5 | Got a silver rune of Zot
126243 | Vaults:5 | Found Luwkadd's Magic Scroll Emporium.
126398 | Vaults:5 | Identified the +5 scale mail "Geruewuts" {+Inv rElec Int+6
                  | Dex-4}
126433 | Vaults:5 | Identified the ring of the Foremost Invaders {MP+9 Str+5
                  | Int+3 Slay-5}
126503 | Vaults:5 | Identified the amulet "Anov" {RegenMP Will+ Str+3}
126670 | Vaults:5 | Got the Quarto of Searing Ice
126890 | Vaults:5 | Learned a level 7 spell: Malign Gateway
127436 | Hell     | Entered the Vestibule of Hell
127436 | Hell     | Noticed Geryon
130662 | Hell     | Killed Geryon
130887 | Hell     | Reached XP level 27. HP: 217/217 MP: 45/45
131040 | Hell     | Found a gateway to the ashen valley of Gehenna.
131283 | Hell     | Found a gateway to the Iron City of Dis.
131888 | Hell     | Found a gateway to the freezing wastes of Cocytus.
131967 | Hell     | Found a gateway to the decaying netherworld of Tartarus.
132120 | Zot:1    | Entered Level 1 of the Realm of Zot
132193 | Zot:1    | Found a transporter.
132749 | Zot:1    | Noticed Parghit
132754 | Zot:1    | Killed Parghit
133243 | Zot:1    | You fall into a shaft and drop 1 floor!
133358 | Zot:1    | Found a transporter.
135856 | Zot:3    | Noticed Vv
135872 | Zot:3    | Killed Vv
136538 | Zot:3    | Found a runed translucent gate.
136538 | Zot:3    | Found a runed translucent gate.
136538 | Zot:3    | Found an ancient bone altar of Kikubaaqudgha.
136538 | Zot:3    | Found a runed translucent gate.
136538 | Zot:3    | Noticed Sofait's ghost (legendary GnFE)
136539 | Zot:3    | Noticed Alunk's ghost (legendary GnFi)
136539 | Zot:3    | Noticed an ancient lich
136539 | Zot:3    | Noticed an ancient lich
136539 | Zot:3    | Noticed a dread lich
136822 | Zot:3    | Identified the +1 ring mail of Afegowaq {rElec Int+3}
136976 | Zot:3    | Found a large runed translucent door.
136976 | Zot:3    | Found a large runed translucent door.
137069 | Zot:3    | Identified the +6 arbalest of Xom's Grace {vorpal, rN+
                  | Str+2 Int-5 Dex+2}
137071 | Zot:3    | Found a large runed translucent door.
137076 | Zot:3    | Found a shimmering altar of Xom.
137076 | Zot:3    | Found a large runed translucent door.
137138 | Zot:3    | Identified the +10 shortbow of Causality {flame, Str-3
                  | Dex+5}
137187 | Zot:3    | Found a large runed translucent door.
137409 | Zot:3    | Found a large runed translucent door.
137410 | Zot:3    | Found a large runed translucent door.
137411 | Zot:3    | Found a large runed translucent door.
137419 | Zot:3    | Identified the +3 glaive of Qykhlieng {vorpal, Stlth+}
140520 | Zot:4    | Identified the ring "Muishy" {rPois Str+7}
140847 | Zot:5    | Entered Level 5 of the Realm of Zot
141731 | Zot:5    | Learned a level 8 spell: Necromutation
141905 | Zot:5    | Identified the +6 war axe "Zicoex" {vorpal, rElec rCorr}
142530 | Zot:5    | Noticed an ancient lich
142604 | Zot:5    | Noticed a dread lich
142616 | Zot:5    | Killed a dread lich
142816 | Zot:5    | Noticed a dread lich
142823 | Zot:5    | Killed a dread lich
142889 | Zot:5    | Noticed an orb of fire
143130 | Zot:5    | Killed an orb of fire
143689 | Zot:5    | Identified the +7 sling of Ravage {flame, Int+2}
143931 | Zot:5    | Noticed an ancient lich
143945 | Zot:5    | Killed an ancient lich
144470 | Zot:5    | Killed an ancient lich
144993 | Zot:5    | Noticed a dread lich
145001 | Zot:5    | Killed a dread lich
145031 | Zot:5    | Noticed an orb of fire
145041 | Zot:5    | Killed an orb of fire
145044 | Zot:5    | Killed an orb of fire
145312 | Zot:5    | Noticed a dread lich
145317 | Zot:5    | Killed a dread lich
146703 | Slime:1  | Entered Level 1 of the Pits of Slime
150126 | Slime:5  | Entered Level 5 of the Pits of Slime
150812 | Slime:5  | Noticed Dissolution
150817 | Slime:5  | Killed Dissolution
152496 | D:12     | Bought a twisted scale mail for 243 gold pieces
152496 | D:12     | Identified the +0 scale mail of Ignis's Fury {rF++ Str+4}
                  | (You bought it in a shop on level 12 of the Dungeon)
152496 | D:12     | Bought an embroidered cloak for 202 gold pieces
152701 | Elf:3    | Bought a scroll of teleportation for 81 gold pieces
152701 | Elf:3    | Bought a runed scarf for 216 gold pieces
152701 | Elf:3    | Bought a scroll of teleportation for 81 gold pieces
155455 | Slime:5  | Noticed the Royal Jelly
155862 | Slime:5  | Killed the Royal Jelly
156352 | Slime:5  | Got a slimy rune of Zot
156364 | Slime:5  | Identified the ring "Narch" {Str+6 Int+7}
156383 | Slime:5  | Identified the +9 mace of Celonn {elec, Fragile rF++ Dex+5}
156393 | Slime:5  | Identified the -2 helmet of the Pleiades {rF+ Int+4}
156418 | Slime:5  | Identified the +1 leather armour of Makhleb's Regard
                  | {Str+2}
156474 | Slime:5  | Identified the +2 ring mail of Proximity {rPois rF+ rN+
                  | Str-3}
157046 | Crypt:1  | Entered Level 1 of the Crypt
159618 | Crypt:3  | Entered Level 3 of the Crypt
160648 | Crypt:3  | Found a staircase to the Tomb.
161108 | Crypt:3  | Found a basalt altar of Yredelemnul.
161455 | Crypt:3  | Got Bunn's Codex of Sinister Arts
161512 | Crypt:3  | Identified the ring of Vutegguma {rF+ Dex+6}
162161 | Lair:1   | Learned a level 7 spell: Haunt
162361 | Depths:1 | Voluntarily entered the Abyss.
162418 | Abyss:1  | Found a shimmering altar of Xom.
162423 | Abyss:1  | Found a shimmering altar of Xom.
162423 | Abyss:1  | Found a shimmering altar of Xom.
162462 | Abyss:1  | Paralysed by accursed screaming for 1 turns
162467 | Abyss:1  | Paralysed by accursed screaming for 2 turns
162474 | Abyss:1  | Paralysed by accursed screaming for 1 turns
162626 | Abyss:2  | Found a corrupted altar of Lugonu.
163086 | Abyss:4  | Found a corrupted altar of Lugonu.
163101 | Abyss:4  | Got an abyssal rune of Zot
163115 | Depths:1 | Escaped the Abyss
163495 | Pan      | Entered Pandemonium
163637 | Pan      | Found an exit through the horrors of the Abyss.
165043 | Pan      | Noticed Mijoupp the pandemonium lord
165185 | Pan      | Killed Mijoupp the pandemonium lord
166408 | Pan      | Noticed Paulach the pandemonium lord
166433 | Pan      | Killed Paulach the pandemonium lord
167917 | Pan      | Entered the realm of Lom Lobon.
168299 | Pan      | Identified the +5 ring mail of Cyehej {Will- Int+5 Slay+3}
168453 | Pan      | Found an exit through the horrors of the Abyss.
170063 | Pan      | Noticed Lom Lobon
170610 | Pan      | Killed Lom Lobon
170619 | Pan      | Got a magical rune of Zot
170727 | Depths:2 | Escaped Pandemonium
171306 | Pan      | Entered Pandemonium
171306 | Pan      | Found an exit through the horrors of the Abyss.
171628 | Pan      | Noticed Vuez the pandemonium lord
171670 | Pan      | Reached skill level 27 in Short Blades
172007 | Pan      | Killed Vuez the pandemonium lord
172921 | Pan      | Got a demonic rune of Zot
173009 | Pan      | Took an exit into the Abyss.
173009 | Abyss:4  | Escaped into the Abyss
173023 | Depths:2 | Escaped the Abyss
173583 | Pan      | Entered Pandemonium
174018 | Pan      | Noticed Buecuco the pandemonium lord
174032 | Pan      | Killed Buecuco the pandemonium lord
175211 | Depths:2 | Escaped Pandemonium
175767 | Pan      | Entered Pandemonium
175895 | Pan      | Noticed Gaolaer the pandemonium lord
175913 | Pan      | Killed Gaolaer the pandemonium lord
176466 | Pan      | Found an exit through the horrors of the Abyss.
178072 | Pan      | Found an exit through the horrors of the Abyss.
178818 | Pan      | Noticed Zak Xaupnooss the pandemonium lord
178877 | Pan      | Killed Zak Xaupnooss the pandemonium lord
179080 | Pan      | Took an exit into the Abyss.
179080 | Abyss:4  | Escaped into the Abyss
179080 | Abyss:4  | Found a corrupted altar of Lugonu.
179080 | Abyss:4  | Found a corrupted altar of Lugonu.
179085 | Depths:2 | Escaped the Abyss
179657 | Pan      | Entered Pandemonium
179687 | Pan      | Noticed Woitid the pandemonium lord
180206 | Pan      | Killed Woitid the pandemonium lord
184607 | Pan      | Noticed Cauxumm the pandemonium lord
184612 | Pan      | Killed Cauxumm the pandemonium lord
186028 | Pan      | Found an exit through the horrors of the Abyss.
186138 | Pan      | Took an exit into the Abyss.
186138 | Abyss:4  | Escaped into the Abyss
186148 | Depths:2 | Escaped the Abyss
186684 | Pan      | Entered Pandemonium
187891 | Pan      | Noticed Pudo the pandemonium lord
187916 | Pan      | Killed Pudo the pandemonium lord
188835 | Pan      | Identified the +0 flail of Fedhas's Grace {vorpal, *Noise
                  | rN++ Int+4}
189399 | Pan      | Found a runed translucent door.
189500 | Pan      | Identified the +4 dagger of Fate {vorpal, *Corrode rC+
                  | Str+3 Int+6 Dex+3}
190513 | Pan      | Noticed Etotyfy the pandemonium lord
190518 | Pan      | Killed Etotyfy the pandemonium lord
190995 | Pan      | Entered the realm of Mnoleg.
192415 | Pan      | Found an exit through the horrors of the Abyss.
193572 | Pan      | Noticed Mnoleg
193642 | Pan      | Killed Mnoleg
194602 | Pan      | Got a glowing rune of Zot
195647 | Pan      | Took an exit into the Abyss.
195647 | Abyss:4  | Escaped into the Abyss
195663 | Depths:2 | Escaped the Abyss
196638 | Depths:1 | Bought a book of the Sky for 748 gold pieces
196646 | Depths:1 | Learned a level 7 spell: Storm Form
196750 | Pan      | Entered Pandemonium
198226 | Pan      | Noticed Wup Ujac the pandemonium lord
198229 | Pan      | Killed Wup Ujac the pandemonium lord
198366 | Pan      | Entered the realm of Cerebov.
199139 | Pan      | Found an exit through the horrors of the Abyss.
199328 | Pan      | Identified the ring "Nuopnele" {Str-5 Int+6 Dex+6}
199675 | Pan      | Identified the +6 rapier of Sharp Subterfuge {flame, rN+
                  | Str+2}
199911 | Pan      | Identified the +4 hand crossbow "Doygi" {flame, rF++}
199911 | Pan      | Identified the +5 sling of Erumudirgh {flame, rF++}
200031 | Pan      | Identified the ring of Xom's Passing Interest {rN+ EV+4
                  | Str+2}
200032 | Pan      | Found the +6 sword of Cerebov {flame}
200032 | Pan      | Noticed Cerebov
200075 | Pan      | Killed Cerebov
200646 | Pan      | Identified the +0 shortbow "Inaitz" {flame, Str+2}
200698 | Pan      | Got the Incunabulum of Electric Combustion
200740 | Pan      | Got a fiery rune of Zot
200791 | Depths:2 | Escaped Pandemonium
201335 | Pan      | Entered the realm of Gloorx Vloq.
201335 | Pan      | Entered Pandemonium
202009 | Pan      | Noticed Gloorx Vloq
202079 | Pan      | Found an exit through the horrors of the Abyss.
203048 | Pan      | Killed Gloorx Vloq
203054 | Pan      | Got a dark rune of Zot
203187 | Pan      | Took an exit into the Abyss.
203187 | Abyss:4  | Escaped into the Abyss
203279 | Depths:2 | Escaped the Abyss
203558 | Lair:1   | Learned a level 7 spell: Spellforged Servitor
203569 | Lair:1   | Learned a level 8 spell: Lehudib's Crystal Spear
203848 | Pan      | Entered Pandemonium
203990 | Pan      | Identified the +2 rapier of Dummoykkut {venom, Contam
                  | +Blink rC+ SInv}
204450 | Pan      | Noticed Ziosm the pandemonium lord
204465 | Pan      | Killed Ziosm the pandemonium lord
205009 | Depths:2 | Escaped Pandemonium
205126 | Coc:1    | Entered Level 1 of Cocytus
207248 | Coc:6    | Paralysed by a wendigo for 1 turns
207821 | Coc:7    | Entered Level 7 of Cocytus
208041 | Coc:7    | Paralysed by a wendigo for 1 turns
208100 | Coc:7    | Paralysed by a wendigo for 1 turns
208235 | Coc:7    | Paralysed by a wendigo for 1 turns
209884 | Coc:7    | Identified the +1 flail "Fimic" {venom, Str+2}
210073 | Coc:7    | Noticed Antaeus
210101 | Coc:7    | Killed Antaeus
210806 | Coc:7    | Got an icy rune of Zot
211806 | Zot:3    | Killed an ancient lich
211814 | Zot:3    | Killed a dread lich
211818 | Zot:3    | Killed Alunk's ghost
211918 | Zot:3    | Killed Sofait's ghost
211921 | Zot:3    | Killed an ancient lich
211950 | Zot:3    | Identified the +0 pair of boots of the Bedazzled God
                  | {rCorr}
211953 | Zot:3    | Identified the ring "Famiojid" {rPois rF+ SInv}
212508 | Depths:1 | Glimpsed the power of Zot.
213539 | Pan      | Entered Pandemonium
214044 | Pan      | Found an exit through the horrors of the Abyss.
214347 | Pan      | Learned a level 8 spell: Ignition
214396 | Pan      | Noticed Woemug the pandemonium lord
214555 | Pan      | Killed Woemug the pandemonium lord
214983 | Pan      | Identified the +0 robe of the Vacuum {Stlth+}
215018 | Pan      | Found an exit through the horrors of the Abyss.
215262 | Pan      | Reached skill level 27 in Invocations
216472 | Pan      | Found a runed translucent door.
216949 | Pan      | Noticed Vusafun the pandemonium lord
216968 | Pan      | Killed Vusafun the pandemonium lord
217525 | Pan      | Found an exit through the horrors of the Abyss.
217950 | Pan      | Got the Incunabulum of the Pestilent Pyre
217990 | Pan      | Noticed Jisy the pandemonium lord
218010 | Pan      | Killed Jisy the pandemonium lord
218745 | Pan      | Found an exit through the horrors of the Abyss.
219154 | Pan      | Found a transporter.
219208 | Pan      | Identified the +6 halberd of Strategic Superiority {venom,
                  | Str+5 Int+4 Dex-3}
219589 | Pan      | Found a transporter.
219809 | Pan      | Identified the ring of Igag Fillot {MP+9 Str+4}
219821 | Pan      | Identified the ring of Osheatso {*Slow Int+2 SInv Stlth+}
219896 | Depths:2 | Escaped Pandemonium
220286 | Lair:1   | Learned a level 9 spell: Shatter
220545 | Zig:1    | Entered Level 1 of a ziggurat
220566 | Zig:2    | Entered Level 2 of a ziggurat
220594 | Zig:3    | Entered Level 3 of a ziggurat
220635 | Zig:4    | Entered Level 4 of a ziggurat
220637 | Zig:4    | Found the +9 staff of Wucad Mu {*channel}
220638 | Zig:4    | Noticed a royal mummy
220645 | Zig:4    | Killed a royal mummy
220660 | Zig:4    | Identified the ring "Vangips" {AC+4 Dex+3}
220695 | Zig:5    | Entered Level 5 of a ziggurat
220711 | Zig:5    | Identified the +6 leather armour of Fedhas's Pride {Will+}
220759 | Zig:6    | Entered Level 6 of a ziggurat
220790 | Zig:6    | Identified the ring "Piala" {Fire rPois rCorr Int+8 Stlth-}
220793 | Zig:6    | Got the Folio of Shapeshifting
220796 | Zig:6    | Identified the ring "Wippag" {rC+ Will+ EV+4}
220798 | Zig:6    | Identified the +8 spear of Objectivity {freeze, rC+ rCorr
                  | Int+3}
220938 | Zig:7    | Entered Level 7 of a ziggurat
220981 | Zig:7    | Identified the +1 shortbow of Checkmate {venom, Int+2
                  | Dex+6}
221114 | Zig:8    | Entered Level 8 of a ziggurat
221309 | Zig:8    | Identified the +5 falchion "Japuric" {vorpal, Str+3}
221319 | Zig:9    | Entered Level 9 of a ziggurat
221327 | Zig:9    | Noticed a juggernaut
221327 | Zig:9    | Noticed a juggernaut
221327 | Zig:9    | Found the +4 moon troll leather armour {Spirit, Regen++
                  | MP+5}
221329 | Zig:9    | Noticed a juggernaut
221330 | Zig:9    | Killed a juggernaut
221335 | Zig:9    | Killed a juggernaut
221337 | Zig:9    | Killed a juggernaut
221365 | Zig:9    | Identified the ring "Socsa" {rPois rF+ Str+4 Dex-2}
221516 | Zig:10   | Entered Level 10 of a ziggurat
221525 | Zig:10   | Noticed Heulol the pandemonium lord
221530 | Zig:10   | Killed Heulol the pandemonium lord
221553 | Zig:10   | Identified the +3 scimitar "Xaaxep" {vorpal, rPois}
221559 | Zig:10   | Identified the +1 robe of Qicreops {Int-2 SInv Stlth+}
221560 | Zig:10   | Identified the +8 flail of Doom {flame, rPois}
221563 | Zig:10   | Identified the +3 long sword "Luich" {drain, *Rage +Blink
                  | Str+8}
221572 | Zig:11   | Entered Level 11 of a ziggurat
221723 | Zig:11   | Found the +6 arbalest "Damnation" {damnation}
221793 | Zig:11   | Identified the +7 trident of Infinite Pain {holy, rElec rC+
                  | Dex+4}
221907 | Zig:12   | Entered Level 12 of a ziggurat
221915 | Zig:12   | Noticed an ancient lich
221915 | Zig:12   | Noticed an ancient lich
221916 | Zig:12   | Noticed a dread lich
221917 | Zig:12   | Noticed a dread lich
221919 | Zig:12   | Killed an ancient lich
221923 | Zig:12   | Killed an ancient lich
221924 | Zig:12   | Killed a dread lich
221925 | Zig:12   | Killed a dread lich
221976 | Zig:12   | Got the Incunabulum of the Electric Pyromaniac
221986 | Zig:12   | Identified the +2 robe of Lifelessness {rN+ Int-3 Archmagi}
221995 | Zig:13   | Entered Level 13 of a ziggurat
222008 | Zig:13   | Noticed Baucs the pandemonium lord
222013 | Zig:13   | Killed Baucs the pandemonium lord
222070 | Zig:13   | Identified the amulet "Utratwomn" {Reflect Str+2 Int+6 SH+5
                  | SInv}
222080 | Zig:13   | Identified the amulet "Hust" {Acrobat MP+9 Int-4 Dex+4
                  | Slay+2}
222088 | Zig:13   | Identified the +9 long sword of the Head {freeze, rPois rN+
                  | Int-2 SInv}
222092 | Zig:13   | Identified the +1 robe of the Accordion {Will+}
222105 | Zig:14   | Entered Level 14 of a ziggurat
222118 | Zig:14   | Noticed an ancient lich
222119 | Zig:14   | Reached skill level 27 in Armour
222122 | Zig:14   | Killed an ancient lich
222158 | Zig:14   | Identified the ring "Omeotsil" {Ice MP+9 Str-5 Dex+5}
222299 | Zig:15   | Entered Level 15 of a ziggurat
222306 | Zig:15   | Noticed a juggernaut
222307 | Zig:15   | Noticed a juggernaut
222307 | Zig:15   | Noticed a juggernaut
222307 | Zig:15   | Noticed a juggernaut
222310 | Zig:15   | Killed a juggernaut
222310 | Zig:15   | Killed a juggernaut
222315 | Zig:15   | Killed a juggernaut
222315 | Zig:15   | Killed a juggernaut
222493 | Zig:16   | Entered Level 16 of a ziggurat
222506 | Zig:16   | Reached skill level 27 in Ranged Weapons
222570 | Zig:16   | Learned a level 2 spell: Blink
222572 | Zig:16   | Got Ywoi's Collected Works on the Traveller
222575 | Zig:16   | Learned a level 1 spell: Apportation
222720 | Zig:17   | Entered Level 17 of a ziggurat
222805 | Zig:17   | Got the Tome of Charming Transformation
222810 | Zig:17   | Identified the +8 sling of the Several Visions {flame, rN+
                  | MP+9 Str-4}
222825 | Zig:17   | Identified the -1 helmet of Gyabeosch {Regen+ Str+2 Int-4
                  | Dex+2}
222831 | Zig:18   | Entered Level 18 of a ziggurat
222859 | Zig:18   | Found the +7 great mace "Undeadhunter" {disrupt, rN+}
222933 | Zig:18   | Identified the +0 plate armour "Syoss" {rC- rCorr Str+7}
222940 | Zig:18   | Identified the +7 great sword of the Hurtling Fool {flame,
                  | Str+3 Dex+2}
222982 | Zig:19   | Entered Level 19 of a ziggurat
222992 | Zig:19   | Reached skill level 27 in Spellcasting
222995 | Zig:19   | Reached skill level 27 in Dodging
222996 | Zig:19   | Noticed an ancient lich
222999 | Zig:19   | Reached skill level 27 in Stealth
223002 | Zig:19   | Killed an ancient lich
223006 | Zig:19   | Found the +7 Singing Sword {vorpal, sonic wave}
223074 | Zig:19   | Identified the +2 rapier "Iwnoahy" {flame, rN++ Stlth+}
223080 | Zig:19   | Identified the ring of Juqiom {Fire rElec Will+ SInv}
223083 | Zig:19   | Identified the ring "Locve" {*Slow +Blink rPois rN+ Dex+6}
223084 | Zig:19   | Identified the +9 dagger of Taqu {vorpal, Will++ Str+3}
223091 | Zig:19   | Identified the +2 lajatang of Emol {freeze, Fly rC+}
223092 | Zig:19   | Identified the ring "Qayxul" {rElec rF++ rN+++ Int-4
                  | Slay+4}
223094 | Zig:19   | Reached skill level 27 in Long Blades
223163 | Zig:20   | Entered Level 20 of a ziggurat
223191 | Zig:20   | Reached skill level 27 in Fighting
223191 | Zig:20   | Reached skill level 27 in Axes
223191 | Zig:20   | Reached skill level 27 in Maces & Flails
223191 | Zig:20   | Reached skill level 27 in Polearms
223191 | Zig:20   | Reached skill level 27 in Staves
223191 | Zig:20   | Reached skill level 27 in Throwing
223191 | Zig:20   | Reached skill level 27 in Shields
223191 | Zig:20   | Reached skill level 27 in Unarmed Combat
223191 | Zig:20   | Reached skill level 27 in Evocations
223249 | Zig:20   | Identified the +0 plate armour "Qongon" {rElec rC- Int+5}
223261 | Zig:20   | Identified the +3 scale mail "Sueppit" {Str+9 Dex+2 Slay-2
                  | SInv}
223262 | Zig:20   | Identified the +4 leather armour "Yhem" {Harm}
223270 | Zig:20   | Identified the +11 scimitar of Desonoss {vorpal, Str+4
                  | Dex+4}
223273 | Zig:20   | Identified the +0 chain mail "Xyitset" {rC+ Dex+4}
223322 | Zig:21   | Entered Level 21 of a ziggurat
223371 | Zig:21   | Identified the ring "Bunarr" {Wiz Str+6 Int+2}
223379 | Zig:21   | Identified the +3 shortbow "Veusurai" {freeze, Int+4}
223381 | Zig:21   | Identified the +4 scale mail of the Sky {Str+3 Dex+4
                  | Slay+2}
223397 | Zig:21   | Identified the +1 ring mail "Atraiplol" {+Inv Int+5 Dex+4}
223475 | Zig:22   | Entered Level 22 of a ziggurat
223504 | Zig:22   | Found the +3 Mad Mage's Maulers {Infuse+∞ RegenMP Int-3}
223509 | Zig:22   | Found the +10 Black Knight's barding {ponderous, rPois rN+}
223643 | Zig:22   | Identified the +8 glaive "Uhaudyutho" {spect, rElec}
223699 | Zig:23   | Entered Level 23 of a ziggurat
223709 | Zig:23   | Noticed an ancient lich
223711 | Zig:23   | Noticed a dread lich
223713 | Zig:23   | Noticed an ancient lich
223713 | Zig:23   | Killed an ancient lich
223716 | Zig:23   | Killed an ancient lich
223716 | Zig:23   | Killed a dread lich
223726 | Zig:23   | Found the brooch of Shielding {Spirit SH+8}
223737 | Zig:23   | Identified the +1 robe of the Jabberwock {Rampage Slay+3}
223753 | Zig:23   | Identified the ring of Brawling {Wiz Dex+3}
223754 | Zig:23   | Identified the +4 dagger of Guhiuz {vorpal, rCorr Dex+2}
223763 | Zig:23   | Identified the +5 falchion of Action {freeze, rCorr}
223865 | Zig:23   | Identified the +6 scimitar of the Devouring Spider {speed,
                  | rCorr Str-2 Dex+7}
223907 | Zig:24   | Entered Level 24 of a ziggurat
223939 | Zig:24   | Found the +8 orange crystal plate armour {Archmagi, Int+3
                  | Clar}
224024 | Zig:24   | Identified the ring of the Building Gods {rCorr Int+3}
224028 | Zig:24   | Identified the +0 leather armour of Ojau {rPois rF+}
224031 | Zig:24   | Identified the ring of Qiqeek {Fire Str+2 Stlth+}
224036 | Zig:24   | Identified the +1 pair of boots of Proximity {-Tele Harm
                  | rPois}
224037 | Zig:24   | Identified the +3 plate armour of Hedge Wizardry {Rampage
                  | rElec Int-3 SInv}
224099 | Zig:24   | Identified the ring "Jaguruik" {rElec rC++ Int+2 SInv}
224189 | Zig:25   | Entered Level 25 of a ziggurat
224199 | Zig:25   | Noticed Pikuto's ghost (adept MiBe)
224199 | Zig:25   | Noticed Xuqyot's ghost (legendary DsFi)
224200 | Zig:25   | Noticed Qupubruts's ghost (master HOFi)
224200 | Zig:25   | Noticed Walil's ghost (veteran MiMo)
224200 | Zig:25   | Noticed Nenig's ghost (legendary GnFi)
224203 | Zig:25   | Noticed Kufiz's ghost (master GrCK)
224203 | Zig:25   | Noticed Marixus's ghost (legendary DDFi)
224206 | Zig:25   | Noticed Viugiw's ghost (legendary TeBe)
224207 | Zig:25   | Noticed NiggerDarts5's ghost (legendary HuFi)
224208 | Zig:25   | Killed Walil's ghost
224214 | Zig:25   | Noticed Likado's ghost (legendary GnSk)
224214 | Zig:25   | Noticed meatyocre's ghost (veteran TrFi)
224214 | Zig:25   | Noticed NiggerDarts5's ghost (legendary HuFi)
224215 | Zig:25   | Noticed Peloso's ghost (legendary MiFi)
224217 | Zig:25   | Noticed Polaczum's ghost (adept TrMo)
224246 | Zig:25   | Killed Viugiw's ghost
224246 | Zig:25   | Killed Marixus's ghost
224250 | Zig:25   | Noticed BerryKnight's ghost (legendary DgFi)
224298 | Zig:25   | Killed Polaczum's ghost
224310 | Zig:25   | HP: 4/249 [Likado's ghost (33)]
224315 | Zig:25   | HP: 8/249 [Xuqyot's ghost (28)]
224329 | Zig:25   | Annihilated by Peloso's ghost

Illustrated notes

Levels and vault maps discovered:
D:1:      eino_arrival_cavern_b, layout_basic,
          ebering_ecumenical_altar_abandoned
D:2:      layout_loops_cross
D:3:      layout_basic
D:4:      layout_cave_pools, nemelex_spade_bored_becter, serial_park,
          serial_park_square2, serial_park_tiny_pond, serial_park_square1
          [serial_park_minivault_5x5_6], minmay_diced_spiral
D:5:      layout_loops_corners, chequers_temple_overflow_minitemple,
          evilmike_ruin_ashenzari, nicolae_overflow_hidden_temple,
          minmay_misc_feat_iff
D:6:      layout_loops_ring, mainiacjoe_overflow_catwalk, lemuel_round_altar,
          minmay_temple_entry_junction_2, uniq_sigmund
D:7:      layout_loops_ring, gammafunk_ghost_abyssal_escape,
          due_unseen_surprise, uniq_duvessa
D:8:      layout_basic, grunt_lair_entry_orc_guard_hut, uniq_grum, uniq_amaemon
D:9:      layout_basic, uniq_maurice
D:10:     layout_small_grid, eat_drink_and_be_merry_uskayaw, erik_orc_3,
          enter_bailey_5, mrwooster_statue_mirror
D:11:     hellmonk_paralyzer, layout_stronghold, pond
D:12:     layout_cave_pools, serial_shops, shop, minmay_quadrilaterals
D:13:     layout_basic, portal_ice_cave_entry_pillars_2
D:14:     layout_grid_maze, ximxim_vaults_locker_room, serial_shops,
          nicolae_square_shop
D:15:     grunt_enter_depths_snipers, layout_basic, grunt_qazlal_clouds
Temple:   nicolae_temple_god_jail
Lair:1:   layout_roguey, grunt_megastairs_2
Lair:2:   layout_regular_city, minmay_shoals_entry_centaurs, dummy_snake_entry,
          basic_altar, cheibrodos_lair_caveside_slide
Lair:3:   minmay_guarded_unrand_snakebite, layout_misc_corridors
Lair:4:   layout_regular_city, slime_entry_1, gauntlet_entry_generic,
          ebering_ghost_funeral_grove, minmay_shattered_shrine,
          grunt_megastairs_3
Lair:5:   evilmike_catoblepas_cave, layout_layer_cave, special_room
          [special_room_jelly], uniq_sonja, uniq_nessos
Shoals:1: layout_shoals, gammafunk_ghost_split, uniq_mlioglotl, uniq_frances
Shoals:2: layout_shoals, serial_shops, nicolae_shop_bloodbath_and_beyond,
          nicolae_shoals_loop_pool, uniq_polyphemus, uniq_ilsuiw, uniq_nikola
Shoals:3: layout_shoals, serial_shops, nicolae_shop_behind_doors,
          nicolae_shoals_undead_eyrie
Shoals:4: shoals_end_grunt_ice, layout_shoals, uniq_roxanne, uniq_louise
Snake:1:  dpeg_oklob_gauntlet, layout_misc_corridors, uniq_rupert
Snake:2:  nicolae_snake_hallway, layout_onion_interference, basic_altar,
          serial_bayou_shore_a, grunt_megastairs_5, uniq_vashnia
Snake:3:  layout_rooms, uniq_saint_roka
Snake:4:  grunt_snake_rune_pools, layout_misc_corridors, gammafunk_ghost_grave,
          uniq_aizul
Slime:1:  layout_caves
Slime:2:  layout_caves
Slime:3:  layout_caves
Slime:4:  layout_caves
Slime:5:  uniq_dissolution
Orc:1:    layout_diamond_mine, basic_altar, uniq_urug
Orc:2:    st_orc_elflike, layout_diamond_mine, basic_altar, uniq_donald
Elf:1:    eino_elf_arrival_customs, layout_gridlike, minivault_28, st_stairs_4,
          elves_outpost_lemuel, lemuel_upstairs_altar
Elf:2:    nicolae_elf_blades_crystal_corner, layout_geoelf_diagonals,
          minmay_elf_demonology
Elf:3:    grunt_elf_hall_asides, layout_geoelf_grid, serial_shops,
          nicolae_shop_overgrown_old_shop
Vaults:1: hangedman_vaults_variations, nicolae_vaults_little_squares_1,
          nicolae_vaults_network_star, grunt_vaults_funnel,
          hangedman_vaults_stretched_pinwheel, vaults_room_semicircle,
          ontoclasm_vaults_gateway, vaults_room_door_ring,
          nicolae_vaults_little_squares_2, layout_vaults_quadrants
Vaults:2: vaults_room_corners, ontoclasm_vaults_ring_large,
          ontoclasm_vaults_decontamination, nicolae_vaults_asterisk,
          nicolae_vaults_network_square, hangedman_vaults_snaps,
          nicolae_vaults_network_barrier, v_misc_1, vaults_dpeg_emergency_exit,
          hangedman_vaults_locks, layout_vaults_big_cross, serial_shops,
          nicolae_shop_temple_entry_statues_fountains, uniq_sojobo, uniq_mara
Vaults:3: ontoclasm_vaults_ring_small, hangedman_vaults_corner,
          nicolae_vaults_little_squares_2, v_rooms_5, st_eye,
          minmay_crypt_entry_simple_corners, nicolae_vaults_border_crossing,
          nicolae_vaults_theta, not_door_vault_mu, dpeg_vaults_monster_row,
          nicolae_vaults_little_ls, v_misc_22, hangedman_vaults_unwind,
          ontoclasm_vaults_shuriken, layout_vaults_maze, serial_shops, shop
Vaults:4: infiniplex_enter_wizlab_glasses, v_misc_5, v_misc_9,
          nicolae_vaults_quadrants, v_pattern_4,
          nicolae_vaults_diagonal_hallway_6, grunt_vaults_hallway_short,
          vaults_room_fancy_cross, ontoclasm_vaults_ligature,
          grunt_vaults_diagonal, nicolae_vaults_theta, layout_vaults_big_room,
          uniq_jory, uniq_boris
Vaults:5: serial_shops
Crypt:1:  layout_gridlike, grunt_crypt_arrival_split
Crypt:2:  layout_misc_corridors
Crypt:3:  church_of_pain_bobbens, layout_chaotic_city,
          nicolae_tomb_entry_unfolded_pyramid_orthogonal
Depths:1: layout_cave_pools, abyss_entry_small_statue_room, hell_entry,
          minmay_misc_feat_rows, nicolae_shop_gadgets, minmay_shop_star,
          nicolae_triple_integral
Depths:2: minmay_connected_boxes_in_corner, layout_cave_shapes,
          rand_demon_pan_entry_9, abyss_entry, grunt_hell_horde,
          nicolae_dithmenos_the_darkroom, chequers_serial_rivers_room_b,
          nzn_hepliaklqana_mist_gate
Depths:3: minmay_open_boxes_in_corner, layout_cave_shapes, ziggurat_fallback,
          abyss_entry, pf_hell_entry_tar_river, special_room
          [special_room_morgue], chequers_serial_rivers_micro_e, serial_shops,
          nicolae_square_shop, nicolae_shop_clearance,
          infiniplex_staircase_pool_2
Depths:4: evilmike_zot_entry_argh, layout_basic, hellmouth_1,
          kilobyte_rumbling_trees, kennysheep_random_hallway
Hell
Coc:1:    layout_cocytus_delve
Coc:2:    layout_cocytus_water_paths
Coc:3:    nicolae_coc_three_mouths, layout_ice_bergs
Coc:4:    layout_cocytus_water_paths
Coc:5:    layout_ice_bergs
Coc:6:    layout_cocytus_delve, nicolae_coc_statues_of_limitations
Coc:7:    coc_mu
Zot:1:    layout_cathedral_of_symmetry, nicolae_diode_stairs, uniq_parghit
Zot:2:    nicolae_zot_stationary_front, layout_basic, grunt_megastairs_4
Zot:3:    layout_basic, gammafunk_ghost_crypt, st_stairs_13,
          hangedman_xom_zot_hilarity, uniq_vv
Zot:4:    kennysheep_bubbly, layout_gridville
Zot:5:    layout_basic
Zig:25

Skill      XL: |  1  2  3  4  5  6  7  8  9 10 11 12 13 14 15 16 17 18 19 20 21 22 23 24 25 26 27 |
---------------+----------------------------------------------------------------------------------+-----
Spellcasting   | 5 6 7 8 9 10 11 12 13 14 15 16 17 18 27 | 27.0
Invocations    | 1 2 3 4 5 6 7 8 10 11 12 13 14 15 16 17 18 19 27 | 27.0
Fighting       | 1 2 3 5 6 7 8 9 10 11 12 13 14 15 16 17 18 27 | 27.0
Short Blades   | 1 2 3 5 6 7 8 9 10 12 13 15 16 17 18 19 20 21 22 27 | 27.0
Long Blades    | 1 2 3 5 6 7 8 9 10 11 12 13 14 15 16 17 18 27 | 27.0
Axes           | 1 2 3 5 6 7 8 9 10 11 12 13 14 15 16 17 18 27 | 27.0
Maces & Flails | 1 2 3 5 6 7 8 9 10 11 12 13 14 15 16 17 18 27 | 27.0
Polearms       | 1 2 3 5 6 7 8 9 10 11 12 13 14 15 16 17 18 27 | 27.0
Staves         | 1 2 3 5 6 7 8 9 10 11 12 13 14 15 16 17 18 27 | 27.0
Ranged Weapons | 1 2 3 5 6 7 8 9 10 11 12 13 14 15 16 17 18 27 | 27.0
Throwing       | 1 2 3 5 6 7 8 9 10 11 12 13 14 15 16 17 18 27 | 27.0
Armour         | 1 2 3 5 6 7 8 9 10 11 12 13 14 15 16 17 18 27 | 27.0
Shields        | 1 2 3 5 6 7 8 9 10 11 12 13 14 15 16 17 18 27 | 27.0
Unarmed Combat | 1 2 3 5 6 7 8 9 10 11 12 13 14 15 16 17 18 27 | 27.0
Evocations     | 1 2 3 5 6 7 8 9 10 11 12 13 14 15 16 17 18 27 | 27.0
Hexes          | 1 2 3 4 5 6 7 8 9 10 11 12 13 14 15 24 | 24.8
Summonings     | 1 2 3 4 5 6 7 8 9 10 11 12 13 14 15 24 | 24.8
Necromancy     | 1 2 3 4 5 6 7 8 9 10 11 12 13 14 15 24 | 24.8
Translocations | 1 2 3 4 5 6 7 8 9 10 11 12 13 14 15 25 | 25.8
Transmutations | 1 2 3 4 5 6 7 8 9 10 11 12 13 14 15 24 | 24.8
Fire Magic     | 1 2 3 4 5 6 7 8 9 10 11 12 13 14 15 24 | 24.8
Ice Magic      | 1 2 3 4 5 6 7 8 9 10 11 12 13 14 15 24 | 24.8
Air Magic      | 1 2 3 4 5 6 7 8 9 10 11 12 13 14 15 24 | 24.8
Earth Magic    | 1 2 3 4 5 6 7 8 9 10 11 12 13 14 15 24 | 24.8
Poison Magic   | 1 2 3 4 5 6 7 8 9 10 11 12 13 14 15 24 | 24.8
Dodging        | 5 6 7 8 9 10 11 12 13 14 15 16 17 18 27 | 27.0
Stealth        | 5 6 7 8 9 10 11 12 13 14 15 16 17 18 27 | 27.0
Conjurations   | 8 9 10 11 12 13 14 15 16 25 | 25.5

Action                   |  1- 3 |  4- 6 |  7- 9 | 10-12 | 13-15 | 16-18 | 19-21 | 22-24 | 25-27 || total
-------------------------+-------+-------+-------+-------+-------+-------+-------+-------+-------++-------
Melee: Hand axe          |     7 |       |       |       |       |       |       |       |       ||     7
       Dagger            |    17 |    18 |    24 |       |       |       |       |       |       ||    59
       Bite              |     4 |     2 |     4 |    11 |    84 |    92 |   104 |   160 |  1062 ||  1523
       Short sword       |       |       |     3 |    51 |       |       |       |       |       ||    54
       Whip              |       |       |       |    38 |   588 |   422 |   521 |   362 |   589 ||  2520
       Staff             |       |       |       |     6 |       |       |       |       |    23 ||    29
       Rapier            |       |       |       |       |       |       |    58 |   285 |   246 ||   589
       Long sword        |       |       |       |       |       |       |       |    26 |  3912 ||  3938
 Fire: Hand crossbow     |       |       |       |       |       |       |       |       |  1760 ||  1760
Throw: Boomerang         |     3 |       |    28 |    45 |   315 |   266 |    46 |    44 |   278 ||  1025
       Dart              |       |     9 |    19 |    12 |     8 |    17 |       |     9 |     5 ||    79
       Javelin           |       |       |       |       |       |     3 |     8 |       |    33 ||    44
 Cast: Magic Dart        |    31 |    60 |    53 |    78 |       |       |       |       |       ||   222
       Searing Ray       |     3 |    17 |    57 |    85 |     9 |     2 |     2 |       |       ||   175
       Dazzling Flash    |       |       |     4 |     1 |     4 |       |     2 |       |     4 ||    15
       Iskenderun's Myst |       |       |     6 |     7 |     9 |    30 |    54 |    38 |   136 ||   280
       Fulminant Prism   |       |       |     5 |    23 |    84 |    63 |    63 |    30 |    70 ||   338
       Sticky Flame      |       |       |     3 |    50 |   130 |   118 |    75 |   100 |   105 ||   581
       Dispel Undead     |       |       |       |       |    14 |     9 |       |    31 |   268 ||   322
       Yara's Violent Un |       |       |       |       |     2 |     9 |     9 |     1 |    28 ||    49
       Fireball          |       |       |       |       |       |   336 |   408 |   209 |   735 ||  1688
       Starburst         |       |       |       |       |       |     7 |    15 |     3 |   104 ||   129
       Iron Shot         |       |       |       |       |       |       |       |    51 |  1291 ||  1342
       Statue Form       |       |       |       |       |       |       |       |       |    15 ||    15
       Malign Gateway    |       |       |       |       |       |       |       |       |   103 ||   103
       Necromutation     |       |       |       |       |       |       |       |       |   692 ||   692
       Ignition          |       |       |       |       |       |       |       |       |   155 ||   155
       Spellforged Servi |       |       |       |       |       |       |       |       |    70 ||    70
       Lehudib's Crystal |       |       |       |       |       |       |       |       |    43 ||    43
       Haunt             |       |       |       |       |       |       |       |       |    30 ||    30
       Shatter           |       |       |       |       |       |       |       |       |    11 ||    11
       Storm Form        |       |       |       |       |       |       |       |       |     2 ||     2
Invok: Call Merchant     |       |       |       |     2 |       |       |       |       |       ||     2
       Potion Petition   |       |       |       |       |     1 |     3 |     1 |       |    90 ||    95
       Bribe Branch      |       |       |       |       |       |       |       |       |     1 ||     1
 Abil: End Transformatio |       |       |       |       |       |       |       |       |     7 ||     7
Evoke: Wand              |       |       |     2 |       |     3 |    16 |     2 |     2 |    15 ||    40
       Box of beasts     |       |       |       |       |       |       |     1 |     1 |     6 ||     8
       Horn of Geryon    |       |       |       |       |       |       |       |       |     9 ||     9
       Lightning rod     |       |       |       |       |       |       |       |       |     4 ||     4
       Condenser vane    |       |       |       |       |       |       |       |       |     3 ||     3
       Phantom mirror    |       |       |       |       |       |       |       |       |     2 ||     2
       Phial of floods   |       |       |       |       |       |       |       |       |     1 ||     1
       Tin of tremorston |       |       |       |       |       |       |       |       |     1 ||     1
  Use: Scroll            |       |     1 |    10 |     6 |    11 |     3 |     2 |     6 |    46 ||    85
       Potion            |       |       |     5 |     2 |     5 |     5 |     1 |     4 |    31 ||    53
 Stab: Sleeping          |     6 |     1 |     8 |    21 |    26 |    14 |    28 |    22 |    34 ||   160
       Distracted        |       |     1 |       |       |     4 |     1 |     7 |     9 |   201 ||   223
       Invisible         |       |       |       |     1 |     1 |       |       |       |    12 ||    14
       Petrifying        |       |       |       |       |       |       |       |       |     1 ||     1
Armor: Robe              |     4 |       |       |       |       |       |       |       |       ||     4
       Leather armour    |     5 |    12 |    23 |    58 |   156 |   145 |    92 |    99 |   326 ||   916
       Skin              |       |       |       |       |       |       |       |       |   211 ||   211
       Ring mail         |       |       |       |       |       |       |       |       |  1182 ||  1182
Dodge: Dodged            |    11 |    38 |    93 |   151 |   223 |   257 |   209 |   178 |  2465 ||  3625
       Repelled          |       |       |       |       |       |       |       |       |     9 ||     9
Block: Buckler           |       |       |     3 |    69 |   246 |   267 |    63 |       |       ||   648
       Reflection        |       |       |       |       |    18 |    53 |    36 |    62 |    82 ||   251
       Kite shield       |       |       |       |       |       |       |   308 |   455 |  5022 ||  5785
